Workbook

Sheet Presupuesto
A1: RELACIONE EL NOMBRE DEL PROCESO
A2: OBJETO | C2: AUNAR ESFUERZOS PARA AVANZAR EN LOS DOCUMENTOS TÉCNICOS QUE PERMITAN CONSOLIDAR EL PROYECTO DE LA UNIVERSIDAD PROPIA DEL PUEBLO AFRODESCENDIENTE COMO UN ESPACIO NACIONAL DE INVESTIGACIÓN Y EDUCACIÓN SUPERIOR PROPIO, DE CARÁCTER COMUNITARIO, AFROCENTRADO, ANTIRRACISTA Y PANAFRICANISTA, ADECUADO Y EQUIPADO DE MANERA EFICIENTE RESPONDIENDO A LAS REALIDADES DE LA SOCIEDAD, DE LOS TERRITORIOS, EN CORRESPONDENCIA CON LAS DIFERENTES EXPECTATIVAS Y COSMOVISIONES ÉTNICAS Y CULTURALES Y ARMONIZADA CON LA LEY 30 DE 1992 O AQUELLA QUE LA COMPLEMENTE, MODIFIQUE O SUSTITUYA.
A5: ITEM | B5: RUBRO | C5: CANTIDAD | D5: % DE DEDICACIÓN | E5: MESES | F5: VALOR MENSUAL Y/O UNITARIO | G5: VALOR PROMEDIO MERCADO | H5: VALOR TOTAL | I5: APORTE MEN | J5: APORTE RÍO RAPOSO | K5: %
A6: 1 | B6: TALENTO HUMANO MINIMO REQUERIDO
A7: 1.1 | B7: Coordinadora Administrativa | C7: 1 | D7: 1 | E7: 5 | F7: =6000000 -> 6000000 | G7: =+'[1]Analisis de Mercado-Salarios'!E37 -> 9498694.5 | H7: =F7*E7*C7 -> 30000000 | I7: =H7 -> 30000000 | K7: =I7/588000000 -> 0.051020408
A8: 1.2 | B8: Coordinador | C8: 1 | D8: 1 | E8: 5 | F8: 10800000 | G8: =+'Analisis de Mercado-Salarios'!E37 -> 9498694.5 | H8: =F8*E8*C8 -> 54000000 | I8: =H8 -> 54000000 | K8: =I8/588000000 -> 0.091836735
A9: 1.3 | B9: Especialistas academicos | C9: 2 | D9: 1 | E9: 5 | F9: 10800000 | G9: =+'Analisis de Mercado-Salarios'!E37 -> 9498694.5 | H9: =F9*E9*C9 -> 108000000 | I9: =H9 -> 108000000 | K9: =I9/588000000 -> 0.18367347
A10: 1.4 | B10: Especialista en proceso estrategicos | C10: 1 | D10: 1 | E10: 5 | F10: 10800000 | G10: =+'Analisis de Mercado-Salarios'!E37 -> 9498694.5 | H10: =F10*E10*C10 -> 54000000 | I10: =H10 -> 54000000 | K10: =I10/588000000 -> 0.091836735
A11: 1.5 | B11: Especialista financiero | C11: 1 | D11: 1 | E11: 5 | F11: 10800000 | G11: =+'Analisis de Mercado-Salarios'!E37 -> 9498694.5 | H11: =F11*E11*C11 -> 54000000 | I11: =H11 -> 54000000 | K11: =I11/588000000 -> 0.091836735
A12: 1.6 | B12: Especialista juridico | C12: 1 | D12: 1 | E12: 5 | F12: 10800000 | G12: =+'Analisis de Mercado-Salarios'!E37 -> 9498694.5 | H12: =F12*E12*C12 -> 54000000 | I12: =H12 -> 54000000 | K12: =I12/588000000 -> 0.091836735
A13: 1.7 | B13: Especialista experto enlace comunitario | C13: 1 | D13: 1 | E13: 5 | F13: 10800000 | G13: =+'Analisis de Mercado-Salarios'!E37 -> 9498694.5 | H13: =F13*E13*C13 -> 54000000 | I13: =H13 -> 54000000 | K13: =I13/588000000 -> 0.091836735
A14: 1.8 | B14: Expertos para realizacion de documentos maestros | C14: 3 | D14: 1 | E14: 2 | F14: 10614166 | G14: ='[1]Analisis de Mercado-Salarios'!E37 -> 9498694.5 | H14: =F14*E14*C14 -> 63684998 | I14: =H14 -> 63684998 | K14: =I14/588000000 -> 0.10830782
A15: SUBTOTAL | C15: =SUM(C7:C14) -> 11 | G15: =SUM(G7:G14) -> 75989556 | H15: =SUM(H7:H14) -> 4.71685e+08 | I15: =SUM(I7:I14) -> 4.71685e+08 | K15: =SUM(K7:K14) -> 0.80218537
A16: 2 | B16: REUNIONES DE RETROALIMENTACION Y SOCIALIZACION | C16: CANTIDAD | E16: MESES | F16: VALOR UNITARIO | G16: VALOR PROMEDIO MERCADO | H16: VALOR TOTAL | I16: APORTE MEN | J16: APORTE RÍO RAPOSO | K16: %
A17: 2.1. | B17: Armonizacion | C17: 3 | D17: N/A | E17: N/A | F17: 400000 | G17: =+'Analisis de Mercado-Actividades'!E28 -> 10135767 | H17: =F17*C17 -> 1200000 | I17: 0 | J17: =H17 -> 1200000 | K17: =H17/588000000 -> 0.0020408163
A18: 2.2. | B18: Alimentacion (Desayunos,almuerzos,refrigerios am-pm,cenas) | C18: 160 | D18: N/A | E18: N/A | F18: 90000 | G18: =+G17 -> 10135767 | H18: =F18*C18 -> 14400000 | I18: 0 | J18: =H18 -> 14400000 | K18: =H18/588000000 -> 0.024489796
A19: 2.3. | B19: Estacion de café, aromatica, agua | C19: 3 | D19: N/A | E19: N/A | F19: 300000 | G19: =+'Analisis de Mercado-Actividades'!E28 -> 10135767 | H19: =F19*C19 -> 900000 | I19: 0 | J19: =H19 -> 900000 | K19: =H19/588000000 -> 0.0015306122
A20: 2.4. | B20: Alquiler de espacios | C20: 3 | D20: N/A | E20: N/A | F20: 1200000 | G20: =+G19 -> 10135767 | H20: =F20*C20 -> 3600000 | I20: 0 | J20: =H20 -> 3600000 | K20: =H20/588000000 -> 0.006122449
A21: 2.5. | B21: Transporte aereos para el equipo impulsor a cada encuentro | C21: 15 | D21: N/A | E21: N/A | F21: 830000 | H21: =F21*C21 -> 12450000 | I21: 0 | J21: =H21 -> 12450000 | K21: =H21/588000000 -> 0.021173469
A22: 2.6. | B22: Transporte aereo y fluviales a algunas personas de los consejos comunitarios alejados | C22: 25 | D22: N/A | E22: N/A | F22: 710000 | G22: =+G20 -> 10135767 | H22: =F22*C22 -> 17750000 | I22: 0 | J22: =H22 -> 17750000 | K22: =H22/588000000 -> 0.030187075
A23: 2.7. | B23: transporte terrestre | C23: 160 | D23: N/A | E23: N/A | F23: 100000 | G23: =+G22 -> 10135767 | H23: =F23*C23 -> 16000000 | I23: 0 | J23: =H23 -> 16000000 | K23: =H23/588000000 -> 0.027210884
A24: 2.8. | B24: Alquiler de equipos( video beam, equipo, camara filmadora, estabilizador) | C24: 3 | D24: N/A | E24: N/A | F24: 1800000 | G24: ='Analisis de Mercado-Actividades'!E28 -> 10135767 | H24: =F24*C24 -> 5400000 | I24: 0 | J24: =H24 -> 5400000 | K24: =H24/588000000 -> 0.0091836735
A25: 2.9. | B25: Levantamiento audiovisual | C25: 3 | F25: 1000000 | G25: ='Analisis de Mercado-Actividades'!E28 -> 10135767 | H25: =F25*C25 -> 3000000 | I25: 0 | J25: =H25 -> 3000000 | K25: =H25/588000000 -> 0.0051020408
A26: 2.10 | B26: Hospedaje | C26: 70 | F26: 110000 | G26: ='Analisis de Mercado-Actividades'!E28 -> 10135767 | H26: =F26*C26 -> 7700000 | I26: 0 | J26: =H26 -> 7700000 | K26: =H26/588000000 -> 0.013095238
A27: 2.11 | B27: Insumos y Papeleria | C27: 3 | D27: N/A | E27: N/A | F27: 200000 | G27: =+G26 -> 10135767 | H27: =F27*C27 -> 600000 | I27: 0 | J27: =H27 -> 600000 | K27: =H27/588000000 -> 0.0010204082
A28: 2.12 | B28: Equipo de computo oficina | C28: 2 | D28: N/A | E28: N/A | F28: 2500000 | G28: ='Analisis de Mercado-Actividades'!E28 -> 10135767 | H28: =F28*C28 -> 5000000 | I28: 0 | J28: =H28 -> 5000000 | K28: =H28/588000000 -> 0.0085034014
A29: SUBTOTAL | H29: =SUM(H17:H28) -> 88000000 | I29: =SUM(I17:I23) -> 0 | J29: =SUM(J17:J28) -> 88000000 | K29: =SUM(K17:K28) -> 0.14965986
A30: 3 | B30: GASTOS ADMINISTRATIVOS | C30: CANTIDAD | E30: MESES | F30: VALOR UNITARIO | G30: VALOR PROMEDIO MERCADO | H30: VALOR TOTAL | I30: APORTE MEN | J30: APORTE RÍO RAPOSO | K30: %
A31: 3.1 | B31: Gastos Administrativos | C31: 1 | D31: N/A | E31: 6 | F31: 4719167 | H31: =F31*E31 -> 28315002 | I31: =H31-J31 -> 28315002 | K31: =H31/588000000 -> 0.048154765
A32: SUBTOTAL | H32: =SUM(H31:H31) -> 28315002 | I32: =SUM(I31:I31) -> 28315002 | J32: =J15+J29 -> 88000000 | K32: =SUM(K31) -> 0.048154765
A33: 1 | B33: TOTAL COSTOS DIRECTOS DE OPERACIÓN | H33: =H32+H29+H15 -> 5.88e+08 | I33: =I32+I15 -> 5e+08 | J33: =J29 -> 88000000 | K33: =K29+K15+K32 -> 1
B34: VALOR TOTAL DEL PROYECTO | H34: =H33 -> 5.88e+08 | I34: =I33 -> 5e+08 | J34: =J33 -> 88000000 | K34: =K33 -> 1

Sheet Analisis de Mercado-Salarios
A1: Análisis de Mercado
A2: METODOLOGÍA | B2: Cotejo de valor mensual de salarios y actividades, para identificar precios de mercado
A4: Rubro
A5: TALENTO HUMANO MINIMO REQUERIDO
A6: Contratista | B6: Contrato | C6: Talento Humano Requerido | D6: Nombre Genérico | E6: Valor Mensual
A7: Organización Nacional Inígena de Colombia ONIC | B7: CO1.PCCNTR.5335465 | C7: Asesor Coordinador | D7: Directivo - Especialista | E7: 7000000
A8: Consorcio Comite Cafeteros de Caldas - CRECE | B8: CO1.PCCNTR.2713913 | C8: Coordinador | D8: Directivo - Especialista | E8: 15600000
A9: Proyectamos Colombia SAS | B9: CO1.PCCNTR.2559252 | C9: Director | D9: Directivo - Especialista | E9: 14900000
A10: Consorcio Comite Cafeteros de Caldas - CRECE | B10: CO1.PCCNTR.2713913 | C10: Investigadora Crece | D10: Directivo - Especialista | E10: 14285714
A11: Consorcio Comite Cafeteros de Caldas - CRECE | B11: CO1.PCCNTR.2713913 | C11: Profesional Orientador Tipo 1 | D11: Directivo - Especialista | E11: 13591400
A12: Consorcio Comite Cafeteros de Caldas - CRECE | B12: CO1.PCCNTR.2713913 | C12: Profesional Orientador Tipo 2 | D12: Directivo - Especialista | E12: 13591400
A13: Proyectamos Colombia SAS | B13: CO1.PCCNTR.2559252 | C13: Asesor Técnico | D13: Directivo - Especialista | E13: 13000000
A14: Proyectamos Colombia SAS | B14: CO1.PCCNTR.2559252 | C14: Asesor en metdología de la investigación cualitativa | D14: Directivo - Especialista | E14: 13000000
A15: Proyectamos Colombia SAS | B15: CO1.PCCNTR.2559252 | C15: Expertos en primera infancia | D15: Directivo - Especialista | E15: 13000000
A16: Fundación Plan | B16: CO1.PCCNTR.2417016 | C16: Coordinador Nacional - Gerente de proyecto | D16: Directivo - Especialista | E16: 12682076
A17: Consorcio INCAP - BETA | B17: CO1.PCCNTR.2546507 | C17: Gerente | D17: Directivo - Especialista | E17: 10201393
A18: RESGUARDO DEL CABILDO DE GUAMBIA | B18: CO1.PCCNTR.5110688 | C18: Coordinador/a: Sabedor Misak | D18: Directivo - Especialista | E18: 7000000
... A36: ASOCIACIÓN DE CABILDOS INDÍGENAS DE CALDAS | B36: CO1.PCCNTR.2386594 | C36: Coordinador General | D36: Directivo - Especialista | E36: 4500000
D37: Promedio Directivo - Especialista | E37: =SUBTOTAL(1,E7:E36) -> 9498694.5 | F37: 9930336
A38: Consejo Noruego para Refugiados | B38: CO1.PCCNTR.2580977 | C38: Oficial Técnico Educación occidente | D38: Profesional | E38: 6868195
A39: Proyectamos Colombia SAS | B39: CO1.PCCNTR.2559252 | C39: Coordinador trabajo de campo | D39: Profesional | E39: 6800000
A40: Fundación Plan | B40: CO1.PCCNTR.2417016 | C40: Lider Técnico - Subgerente Técnico | D40: Profesional | E40: 6776264
A41: Organización Nacional Inígena de Colombia ONIC | B41: CO1.PCCNTR.5335465 | C41: Asesor Ciencias Sociales | D41: Profesional | E41: 6500000
A42: Organización Nacional Inígena de Colombia ONIC | B42: CO1.PCCNTR.5335465 | C42: Asesor Educativo | D42: Profesional | E42: 6500000
A43: Organización Nacional Inígena de Colombia ONIC | B43: CO1.PCCNTR.5335465 | C43: Asesor Jurídico | D43: Profesional | E43: 6500000
A44: Organización Nacional Inígena de Colombia ONIC | B44: CO1.PCCNTR.5335465 | C44: Asesor Indígena | D44: Profesional | E44: 6500000
A45: ORGANIZACIÓN DE AUTORIDADES INDÍGENAS DE COLOMBIA “POR LA PACHA MAMA” – AICO | B45: CO1.PCCNTR.5338882 | C45: Profesional para el acompañamiento técnico especializado financiero | D45: Profesional | E45: 6513157.9
A46: ORGANIZACIÓN DE AUTORIDADES INDÍGENAS DE COLOMBIA “POR LA PACHA MAMA” – AICO | B46: CO1.PCCNTR.5338882 | C46: Profesional para el acompañamiento técnico especializado jurídico | D46: Profesional | E46: 6513157.9
A47: ORGANIZACIÓN DE AUTORIDADES INDÍGENAS DE COLOMBIA “POR LA PACHA MAMA” – AICO | B47: CO1.PCCNTR.5338882 | C47: Profesionales para la consolidación de los documentos maestros del estudio de creación de programas | D47: Profesional | E47: 9236842.1
A48: ORGANIZACIÓN DE AUTORIDADES INDÍGENAS DE COLOMBIA “POR LA PACHA MAMA” – AICO | B48: CO1.PCCNTR.5338882 | C48: Profesional para consolidar los documentos maestros de la estrategia de comunicaciones | D48: Profesional | E48: 5921052.6
A49: Universidad de Caldas | B49: CO1.PCCNTR.2559557 | C49: Profesional | D49: Profesional | E49: 6500000
... A66: RESGUARDO DEL CABILDO DE GUAMBIA | B66: CO1.PCCNTR.5110688 | C66: Profesionales en área Financiera | D66: Profesional | E66: 7000000
D67: Promedio Profesional | E67: =SUBTOTAL(1,E38:E66) -> 6837266 | F67: 5210040
A68: Consejo Noruego para Refugiados | B68: CO1.PCCNTR.2580977 | C68: Asistente técnico financiero | D68: Asistencial | E68: 2486488
A69: MEN TARIFAS 2022 | B69: CO1.PCCNTR.3195927 | C69: Asistente técnico administrativo y financiero | D69: Asistencial | E69: 2490000
A70: Universidad del Valle 2022 | B70: CO1.PCCNTR.3410358 | C70: Apoyo a la gestión de viajes | D70: Asistencial | E70: 4200000
A71: Universidad EAFIT 2022 | B71: CO1.PCCNTR.3415073 | C71: Asistente Lógistico | D71: Asistencial | E71: 4382285
A72: Universidad Cooperativa de Colombia | B72: CO1.PCCNTR.2480408 | C72: Asistente técnico financiero | D72: Asistencial | E72: 2000000
A73: RESGUARDO DEL CABILDO DE GUAMBIA | B73: CO1.PCCNTR.4017345 | C73: Técnico de apoyo | D73: Asistencial-técnico | E73: 4000000
A74: RESGUARDO DEL CABILDO DE GUAMBIA | B74: CO1.PCCNTR.5110688 | C74: Apoyos logísticos y de sistematización – para los 3 componentes del estudio de factibilidad. | D74: Asistencial-técnico | E74: 3000000
A75: RESGUARDO DEL CABILDO DE GUAMBIA | B75: CO1.PCCNTR.5110689 | C75: Contador | D75: Asistencial-técnico | E75: 3295200
A76: RESGUARDO DEL CABILDO DE GUAMBIA | B76: CO1.PCCNTR.5110690 | C76: Tesorero | D76: Asistencial-técnico | E76: 2140000
A77: Organización Nacional Inígena de Colombia ONIC | B77: CO1.PCCNTR.5335465 | C77: Técnico administrativo | D77: Asistencial-técnico | E77: 4000000
A78: Organización Nacional Inígena de Colombia ONIC | B78: CO1.PCCNTR.5335465 | C78: Enlaces territoriales | D78: Asistencial-técnico | E78: 3333333.3
A79: ORGANIZACIÓN DE AUTORIDADES INDÍGENAS DE COLOMBIA “POR LA PACHA MAMA” – AICO | B79: CO1.PCCNTR.5338882 | C79: Mayores sabedores para la orientación territorial y cultural que permita consolidar los documentos bases del pensamiento y saber propios que orientan la universidad a crearse. | D79: Asistencial-técnico | E79: 3789473.7
... A81: ORGANIZACIÓN NACIONAL DE LOS PUEBLOS INDIGENAS DE LA AMAZONIA COLOMBIANA | B81: CO1.PCCNTR.5337144 | C81: sistematizador - logístico | D81: Asistencial-técnico | E81: 2500000
D82: Promedio Asistencial-técnico | E82: =SUBTOTAL(1,E68:E76) -> 3110441.4
D83: Promedio general | E83: =SUBTOTAL(1,E7:E73) -> 7735389.6

Sheet Analisis de Mercado-Actividades
A1: Análisis de Mercado
A2: METODOLOGÍA | B2: Cotejo de valor mensual de salarios y actividades, para identificar precios de mercado
A4: Rubro
A5: TALENTO HUMANO MINIMO REQUERIDO
A6: Contratista | B6: Contrato | C6: Costos Indirectos | D6: Nombre Genérico | E6: Valor Unitario
A7: ORGANIZACIÓN DE AUTORIDADES INDÍGENAS DE COLOMBIA “POR LA PACHA MAMA” – AICO | B7: CO1.PCCNTR.5338882 | C7: Acompañamiento médicos tradicionales en las 5 zonas. | D7: Saberes ancestrales, mingas, armonizaciones | E7: 4144736.8
A8: ORGANIZACIÓN DE AUTORIDADES INDÍGENAS DE COLOMBIA “POR LA PACHA MAMA” – AICO | B8: CO1.PCCNTR.5338882 | C8: sesiones autónomas de la Mesa Regional Pastos y Quillacingas | D8: Saberes ancestrales, mingas, armonizaciones | E8: 12500000
A9: RESGUARDO DEL CABILDO DE GUAMBIA | B9: CO1.PCCNTR.5110688 | C9: Minga de planeación | D9: Saberes ancestrales, mingas, armonizaciones | E9: 6000000
A10: RESGUARDO DEL CABILDO DE GUAMBIA | B10: CO1.PCCNTR.5110688 | C10: Ceremonias de armonización: Rituales para armonizar el proceso y cada una de las etapas y actividades propuestas en el proyecto | D10: Saberes ancestrales, mingas, armonizaciones | E10: 1600000
A11: RESGUARDO DEL CABILDO DE GUAMBIA | B11: CO1.PCCNTR.5110688 | C11: Saberes ancestrales que no se pueden cuantificar, pero que son de un alto valor para el pueblo Misak | D11: Saberes ancestrales, mingas, armonizaciones | E11: 4166666.7
A12: RESGUARDO DEL CABILDO DE GUAMBIA | B12: CO1.PCCNTR.5110688 | C12: Apoyo y acompañamiento de autoridades, docentes, líderes y Pubenences del pueblo Misak - Orientador político cultural del proceso | D12: Saberes ancestrales, mingas, armonizaciones | E12: 15518400
A13: ORGANIZACIÓN NACIONAL DE LOS PUEBLOS INDIGENAS DE LA AMAZONIA COLOMBIANA | B13: CO1.PCCNTR.5337144 | C13: Aportes ancestrales y de conocimiento tradicional amazónico | D13: Saberes ancestrales, mingas, armonizaciones | E13: 30000000
A14: RESGUARDO DEL CABILDO DE GUAMBIA | B14: CO1.PCCNTR.4017345 | C14: Ceremonias de armonización | D14: Saberes ancestrales, mingas, armonizaciones | E14: 1777650
D15: Promedio saberes ancestrales, mingas, armonizaciones | E15: =SUM(E7:E14)/8 -> 9463431.7
A16: Organización Nacional Inígena de Colombia ONIC | B16: CO1.PCCNTR.5335465 | C16: Sesiones de socialización del estudio | D16: Evento | E16: 6055555.6
A17: RESGUARDO DEL CABILDO DE GUAMBIA | B17: CO1.PCCNTR.5110688 | C17: Encuentro de trabajo componente político - organizativo | D17: Evento | E17: 6800000
A18: RESGUARDO DEL CABILDO DE GUAMBIA | B18: CO1.PCCNTR.5110688 | C18: Encuentro de trabajo Componente pedagógico | D18: Evento | E18: 6800000
A19: RESGUARDO DEL CABILDO DE GUAMBIA | B19: CO1.PCCNTR.5110688 | C19: Encuentro de trabajo Componente administrativo- financiero | D19: Evento | E19: 6800000
A20: RESGUARDO DEL CABILDO DE GUAMBIA | B20: CO1.PCCNTR.5110688 | C20: Sesión de informe primer avance del estudio | D20: Evento | E20: 6500000
A21: RESGUARDO DEL CABILDO DE GUAMBIA | B21: CO1.PCCNTR.5110688 | C21: Sesión de socialización del estudio | D21: Evento | E21: 6000000
A22: RESGUARDO DEL CABILDO DE GUAMBIA | B22: CO1.PCCNTR.5110688 | C22: Sesiones de socialización | D22: Evento | E22: 5000000
A23: RESGUARDO DEL CABILDO DE GUAMBIA | B23: CO1.PCCNTR.5110688 | C23: Espacios de encuentro (salones, servicios básicos, silletería, escritorios) | D23: Evento | E23: 5000000
A24: Universidad de Caldas | B24: CO1.PCCNTR.2559557 | C24: Validación con pares | D24: Evento | E24: 30000000
A25: Universidad de Caldas | B25: CO1.PCCNTR.2559557 | C25: Validación con usuarios | D25: Evento | E25: 5000000
A26: ORGANIZACIÓN NACIONAL DE LOS PUEBLOS INDIGENAS DE LA AMAZONIA COLOMBIANA | B26: CO1.PCCNTR.5337144 | C26: Alimentación, Hospedaje del encuentro de autoridades de la amazonía colombiana | D26: Evento | E26: 30740000
A27: RESGUARDO DEL CABILDO DE GUAMBIA | B27: CO1.PCCNTR.4017345 | C27: Encuentros de trabajo | D27: Evento | E27: 6933650
D28: Promedio Evento | E28: =SUM(E16:E27)/12 -> 10135767
A29: RESGUARDO DEL CABILDO DE GUAMBIA | B29: CO1.PCCNTR.4017345 | C29: Transporte | D29: Transporte | E29: 17301000
A30: ORGANIZACIÓN NACIONAL DE LOS PUEBLOS INDIGENAS DE LA AMAZONIA COLOMBIANA | B30: CO1.PCCNTR.5337144 | C30: Transporte multimodal para el encuentro de autoridades de la amazonía colombiana | D30: Transporte | E30: 36800000
A31: ORGANIZACIÓN NACIONAL DE LOS PUEBLOS INDIGENAS DE LA AMAZONIA COLOMBIANA | B31: CO1.PCCNTR.5337144 | C31: Transporte aéreo para el encuentro de autoridades de la amazonía colombiana | D31: Transporte | E31: 28800000
D32: Promedio Transporte | E32: =SUM(E29:E31)/3 -> 27633667
A33: ASOCIACION DE CABILDOS INDIGENAS DEL PUEBLO SIONA | B33: CO1.PCCNTR.3787396 | C33: Papelería | D33: Gastos Administrativos - Papelería | E33: 15474750
A34: ASOCIACIÓN DE CABILDOS INDÍGENAS DE CALDAS | B34: CO1.PCCNTR.2386594 | C34: PAPELERÍA | D34: Gastos Administrativos - Papelería | E34: 29441000
A35: Proyectamos Colombia SAS | B35: CO1.PCCNTR.2559252 | C35: Papelería y miscelanea | D35: Gastos Administrativos - Papelería | E35: 5831000
A36: RESGUARDO DEL CABILDO DE GUAMBIA | B36: CO1.PCCNTR.4017345 | C36: Papelería | D36: Gastos Administrativos - Papelería | E36: 1450000
A37: ORGANIZACIÓN NACIONAL DE LOS PUEBLOS INDIGENAS DE LA AMAZONIA COLOMBIANA | B37: CO1.PCCNTR.5337144 | C37: Materiales y Papelería | D37: Gastos Administrativos - Papelería | E37: 1760000
A38: RESGUARDO DEL CABILDO DE GUAMBIA | B38: CO1.PCCNTR.5110688 | C38: Papelería | D38: Gastos Administrativos - Papelería | E38: 3360000
A39: ORGANIZACIÓN DE AUTORIDADES INDÍGENAS DE COLOMBIA “POR LA PACHA MAMA” – AICO | B39: CO1.PCCNTR.5338882 | C39: Papelería | D39: Gastos Administrativos - Papelería | E39: 10300000
D40: Promedio Gastos Administrativos - Papelería | E40: =SUM(E33:E39)/7 -> 9659535.7
A41: Organización Nacional Inígena de Colombia ONIC | B41: CO1.PCCNTR.5335465 | C41: Espacios de encuentro en la sede ONIC (incluye servicios y mobiliario) | D41: Gastos Administrativos | E41: 5111111.1
A42: Organización Nacional Inígena de Colombia ONIC | B42: CO1.PCCNTR.5335465 | C42: Equipo Informático (servicios de internet y cómputo) | D42: Gastos Administrativos | E42: 6000000
A43: Organización Nacional Inígena de Colombia ONIC | B43: CO1.PCCNTR.5335465 | C43: Servicios Centro de Pensamiento JAVALIVIANA | D43: Gastos Administrativos | E43: 3555555.6
A44: ORGANIZACIÓN NACIONAL DE LOS PUEBLOS INDIGENAS DE LA AMAZONIA COLOMBIANA | B44: CO1.PCCNTR.5337144 | C44: Espacios de Encuentro OPIAC | D44: Gastos Administrativos | E44: 10000000
A45: ORGANIZACIÓN NACIONAL DE LOS PUEBLOS INDIGENAS DE LA AMAZONIA COLOMBIANA | B45: CO1.PCCNTR.5337144 | C45: Mobiliarios y equipos | D45: Gastos Administrativos | E45: 3000000
D46: Promedio Gastos Administrativos | E46: =SUM(E41:E45)/5 -> 5533333.3
A47: Universidad de la Salle | B47: CO1.PCCNTR.1839020 | C47: Paquetes de Datos | D47: Internet | E47: 18000000
A48: Universidad de la Salle | B48: CO1.PCCNTR.1839020 | C48: USB | D48: Internet | E48: 3613095
A49: RESGUARDO DEL CABILDO DE GUAMBIA | B49: CO1.PCCNTR.4017345 | C49: Servicio de internet | D49: Internet | E49: 450000
A50: RESGUARDO DEL CABILDO DE GUAMBIA | B50: CO1.PCCNTR.5110688 | C50: Servicio de internet | D50: Internet | E50: 960000
D51: Promedio Internet | E51: =SUBTOTAL(1,E47:E50) -> 5755773.8
A52: Universidad de Caldas | B52: CO1.PCCNTR.1839115 | C52: Edición, diseño, ilustración y diagramación de guías | D52: Documentación, indexación, audiovisuales | E52: 315000000
A53: Universidad de Caldas | B53: CO1.PCCNTR.1839115 | C53: Infografías | D53: Documentación, indexación, audiovisuales | E53: 300000
A54: RESGUARDO DEL CABILDO DE GUAMBIA | B54: CO1.PCCNTR.5110688 | C54: Indexar las publicaciones del cabildo de Guambía, el magisterio Misak, los comités de investigación y los profesionales del pueblo Misak en el sistema de información de la AKYMU, y sistemas académicos de información nacionales e internacionales. | D54: Documentación, indexación, audiovisuales | E54: 30000000
A55: RESGUARDO DEL CABILDO DE GUAMBIA | B55: CO1.PCCNTR.5110688 | C55: Ayudas audiovisuales | D55: Documentación, indexación, audiovisuales | E55: 5000000
A56: RESGUARDO DEL CABILDO DE GUAMBIA | B56: CO1.PCCNTR.5110688 | C56: Gestión de datos e información | D56: Documentación, indexación, audiovisuales | E56: 30000000
A57: ASOCIACION DE CABILDOS INDIGENAS DEL PUEBLO SIONA | B57: CO1.PCCNTR.3787396 | C57: Documentos impresos | D57: Documentación, indexación, audiovisuales | E57: 16200000
A58: ASOCIACION DE CABILDOS INDIGENAS DEL PUEBLO SIONA | B58: CO1.PCCNTR.3787396 | C58: Kits de impresión | D58: Documentación, indexación, audiovisuales | E58: 15474750
A59: ORGANIZACIÓN DE AUTORIDADES INDÍGENAS DE COLOMBIA “POR LA PACHA MAMA” – AICO | B59: CO1.PCCNTR.5338882 | C59: Publicación digital de libro del proceso | D59: Documentación, indexación, audiovisuales | E59: 20000000
D60: Promedio documentación, indexación, audiovisuales | E60: =SUBTOTAL(1,E52:E59) -> 53996844
D61: Promedio general | E61: =SUBTOTAL(1,E7:E53) -> 16875433

Sheet Contratos de Comparación
A1: Nivel Entidad | B1: Nombre de la Entidad | C1: NIT de la Entidad | D1: Estado del Proceso | E1: Modalidad de Contratación | F1: Objeto a Contratar | G1: Tipo de Contrato | H1: Fecha de Firma del Contrato | I1: Numero del Contrato | J1: Numero de Proceso | K1: Valor Contrato | L1: Nom Raz Social Contratista | M1: URL Contrato | N1: Columna1
A2: Nacional | B2: MINISTERIO DE EDUCACION NACIONAL (MEN) | C2: 899999001 | D2: En ejecución | E2: Contratación régimen especial | F2: Implementar el Modelo de Educación Inicial en Ruralidad | G2: Prestación de servicios | H2: 09/03/2021 07:09:25 PM | I2: CO1.PCCNTR.2808033 | J2: CO1.BDOS.2208389 | K2: 2280184441 | L2: APCA U.T. LAZOS SOCIALES POR LA EDUCACIÓN INICIAL RURAL | M2: https://community.secop.gov.co/Public/Tendering/OpportunityDetail/Index?noticeUID=CO1.NTC.2211541&isFromPublicArea=True&isModal=true&asPopupView=true
A3: Nacional | B3: MINISTERIO DE EDUCACION NACIONAL (MEN) | C3: 899999001 | D3: En ejecución | E3: Contratación régimen especial | F3: CONSULTORÍA PARA DISEÑAR Y APOYAR LA IMPLEMENTACIÓN DE UN MODELO DE ACUERDO BINACIONAL PARA ASEGURAR LA TRAYECTORIA EDUCATIVA DE ESTUDIANTES EN ZONA RURAL Y DE FRONTERA ENTRE ECUADOR Y COLOMBIA EN EL DEPARTAMENTO DEL PUTUMAYO. | G3: Prestación de servicios | H3: 08/10/2021 09:08:21 AM | I3: CO1.PCCNTR.2713913 | J3: CO1.BDOS.2106649 | K3: 477047019 | L3: CONSORCIO COMITE CAFETEROS DE CALDAS - CRECE | M3: https://community.secop.gov.co/Public/Tendering/OpportunityDetail/Index?noticeUID=CO1.NTC.2133413&isFromPublicArea=True&isModal=true&asPopupView=true
A4: Nacional | B4: MINISTERIO DE EDUCACION NACIONAL (MEN) | C4: 899999001 | D4: En ejecución | E4: Licitación pública | F4: Realizar la medición de la calidad de la educación inicial en el grado transición en una muestra representativa nacional de establecimientos educativos oficiales ubicados en zonas urbanas y rurales del país el desarrollo de un estudio cualitativo centrado en el reconocimiento de las particularidad | G4: Prestación de servicios | H4: 06/04/2021 09:06:11 AM | I4: CO1.PCCNTR.2559252 | J4: CO1.BDOS.1871740 | K4: 2793585845 | L4: PROYECTAMOS COLOMBIA SAS | M4: https://community.secop.gov.co/Public/Tendering/OpportunityDetail/Index?noticeUID=CO1.NTC.1915070&isFromPublicArea=True&isModal=true&asPopupView=true
A5: Nacional | B5: MINISTERIO DE EDUCACION NACIONAL (MEN) | C5: 899999001 | D5: En ejecución | E5: Contratación régimen especial | F5: Consultoría para el desarrollo de planes de formación complementaria en las escuelas normales superiores actualizados para estrategias educativas rurales | G5: Otro | H5: 04/29/2021 06:04:06 PM | I5: CO1.PCCNTR.2473858 | J5: CO1.BDOS.1945815 | K5: 3090737741 | L5: Universidad de la Salle | M5: https://community.secop.gov.co/Public/Tendering/OpportunityDetail/Index?noticeUID=CO1.NTC.1944251&isFromPublicArea=True&isModal=true&asPopupView=true
A6: Nacional | B6: MINISTERIO DE EDUCACION NACIONAL (MEN) | C6: 899999001 | D6: En ejecución | E6: Contratación régimen especial | F6: Acompañar la implementación de las estrategias educativas en establecimientos educativos focalizados que implementan la estrategia de permanencia residencia escolar en zonas rurales con el fin de cualificar la atención educativa desde un uso significativo del tiempo escolar promover y acompañar | G6: Otro | H6: 04/10/2021 05:04:18 AM | I6: CO1.PCCNTR.2417016 | J6: CO1.BDOS.1903431 | K6: 1729999998 | L6: Fundación Plan | M6: https://community.secop.gov.co/Public/Tendering/OpportunityDetail/Index?noticeUID=CO1.NTC.1900170&isFromPublicArea=True&isModal=true&asPopupView=true
A7: Nacional | B7: MINISTERIO DE EDUCACION NACIONAL (MEN) | C7: 899999001 | D7: Modificado | E7: Licitación pública | F7: IMPLEMENTAR ESTRATEGIAS EDUCATIVAS RURALES A TRAVÉS DE LA DINAMIZACIÓN DE ECOSISTEMAS DE INNOVACIÓN PARA LA EDUCACIÓN MEDIA CON EL FIN DE FORTALECER LA ARTICULACIÓN DE ACTORES ESTRATEGIAS Y RECURSOS EN PRO DE GENERAR POLÍTICAS EDUCATIVAS INTEGRALES DIRIGIDAS A LOS ADOLESCENTES Y JÓVENES FAVORECIEND | G7: Prestación de servicios | H7: 06/04/2021 07:06:56 AM | I7: CO1.PCCNTR.2546507 | J7: CO1.BDOS.1872636 | K7: 1443345273 | L7: CONSORCIO INCAP - BETA | M7: https://community.secop.gov.co/Public/Tendering/OpportunityDetail/Index?noticeUID=CO1.NTC.1915006&isFromPublicArea=True&isModal=true&asPopupView=true
A8: Nacional | B8: MINISTERIO DE EDUCACION NACIONAL (MEN) | C8: 899999001 | D8: En ejecución | E8: Contratación régimen especial | F8: Asistir y acompañar técnicamente Entidades Territoriales Certificadas e instituciones educativas focalizadas en la implementación de estrategias educativas rurales para contribuir al cierre de brechas en el acceso la acogida el bienestar y la permanencia de niños niñas y adolescentes en condicio | G8: Prestación de servicios | H8: 06/23/2021 05:06:18 PM | I8: CO1.PCCNTR.2580977 | J8: CO1.BDOS.2027308 | K8: 1729908235 | L8: CONSEJO NORUEGO PARA REFUGIADOS | M8: https://community.secop.gov.co/Public/Tendering/OpportunityDetail/Index?noticeUID=CO1.NTC.2027717&isFromPublicArea=True&isModal=true&asPopupView=true
A9: Nacional | B9: MINISTERIO DE EDUCACION NACIONAL (MEN) | C9: 899999001 | D9: Modificado | E9: Contratación régimen especial | F9: Consultoría para la validación ajuste socialización y fortalecimiento de capacidades para la implementación de los lineamientos y los recursos pedagógicos de la educación inicial básica y media para las ruralidades | G9: Otro | H9: 06/02/2021 12:06:22 AM | I9: CO1.PCCNTR.2559557 | J9: CO1.BDOS.2009693 | K9: 1703660956 | L9: UNIVERSIDAD DE CALDAS | M9: https://community.secop.gov.co/Public/Tendering/OpportunityDetail/Index?noticeUID=CO1.NTC.2010638&isFromPublicArea=True&isModal=true&asPopupView=true
A10: Nacional | B10: MINISTERIO DE EDUCACION NACIONAL (MEN) | C10: 899999001 | D10: Modificado | E10: Contratación régimen especial | F10: FORMAR Y ACOMPAÑAR EN LIDERAZGO Y GESTIÓN A DIRECTIVOS DOCENTES RURALES DEL PAÍS ASÍ COMO EL DESARROLLO DE PLANES DE FORMACIÓN COMPLEMENTARIOS EN LAS ENS ACTUALIZADOS PARA ESTRATEGIAS EDUCATIVAS RURALES | G10: Prestación de servicios | H10: 09/15/2020 11:09:50 AM | I10: CO1.PCCNTR.1839020 | J10: CO1.BDOS.1448012 | K10: 1990738196 | L10: Universidad de la Salle | M10: https://community.secop.gov.co/Public/Tendering/OpportunityDetail/Index?noticeUID=CO1.NTC.1446514&isFromPublicArea=True&isModal=true&asPopupView=true
A11: Nacional | B11: MINISTERIO DE EDUCACION NACIONAL (MEN) | C11: 899999002 | D11: Modificado | E11: Contratación régimen especial | F11: Aunar esfuerzos para el fortalecimiento de los procesos de educación universitaria propia y el SEIP, avanzando en la consolidación del proyecto de la Misak Universidad, en desarrollo del Derecho Mayor, la Misak Ley, el Decreto 1953 de 2014 y la normatividad aplicable vigente | G11: Prestación de servicios | I11: CO1.PCCNTR.4017345 | J11: CO1.BDOS.2458913 | K11: 362176000 | L11: Cabildo del Resguardo de Guambia | M11: https://community.secop.gov.co/Public/Tendering/OpportunityDetail/Index?noticeUID=CO1.NTC.4017345&isFromPublicArea=True&isModal=true&asPopupView=true
A12: Nacional | B12: MINISTERIO DE EDUCACION NACIONAL (MEN) | C12: 899999001 | D12: En ejecución | E12: Contratación régimen especial | F12: AUNAR ESFUERZOS PARA LA CONSOLIDACIÓN DEL PROYECTO DE LA ALA KUSREI Y A MISAK UNIVERSIDAD COMO PARTE DE LOS PROCESOS DE FORTALECIMIENTO DE LA EDUCACIÓN PROPIA, FUNDAMENTADA EN EL DERECHO MAYOR, LOS COMPONENTES DEL SEIP Y , EL DECRETO 1953 DE 2014 Y LA NORMATIVIDAD APLICABLE VIGENTE. | G12: Prestación de servicios | H12: 45098.613 | I12: CO1.PCCNTR.5110688 | J12: CV-I-MEN-0924-2023 | K12: 913129600 | L12: Cabildo del Resguardo de Guambia | M12: https://community.secop.gov.co/Public/Tendering/OpportunityDetail/Index?noticeUID=CO1.NTC.1446514&isFromPublicArea=True&isModal=true&asPopupView=true
A13: Nacional | B13: MINISTERIO DE EDUCACION NACIONAL (MEN) | C13: 899999001 | D13: En ejecución | E13: Contratación régimen especial | F13: Aunar esfuerzos para la consolidación del estudio de caracterización poblacional y territorial de las cinco (5) macrorregiones de la Organización Nacional Indígena de Colombia - ONIC (Amazonia, Centro Oriente, Norte, Orinoquia y Occidente), para fortalecer el proceso de creación de la Universidad Nacional Indígena de la ONIC (Kinsia Yetarauai - Escuela de pensamiento y conocimiento indígena) en el marco de la educación propia y fundamentada en el derecho mayor, los componentes del SEIP, el Decre | G13: Prestación de servicios | H13: 29/08/2023 12:30:03 PM | I13: CO1.PCCNTR.5335465 | J13: CV-I-MEN-1250-2023 | K13: 470000000 | L13: Organización Naciona Indígena de Colombia | M13: https://www.secop.gov.co/CO1ContractsManagement/Tendering/ProcurementContractEdit/View?docUniqueIdentifier=CO1.PCCNTR.5335465&prevCtxUrl=https%3a%2f%2fwww.secop.gov.co%3a443%2fCO1ContractsManagement%2fTendering%2fProcurementContractManagement%2fIndex&prevCtxLbl=Contratos+
A14: Nacional | B14: MINISTERIO DE EDUCACION NACIONAL (MEN) | C14: 899999001 | D14: En ejecución | E14: Contratación régimen especial | F14: AUNAR ESFUERZOS PARA AVANZAR EN LA CONSOLIDACIÓN DEL PROCESO DE CREACIÓN DE LA UNIVERSIDAD INDIGENA INTERCULTURAL DE LA AMAZONIA UIIAM EN EL MARCO DE LA EDUCACION SUPERIOR PROPIA DE LA ORGANIZACIÓN NACIONAL DE LOS PUEBLOS INDÍGENAS DE LA AMAZONÍA COLOMBIANA, FUNDAMENTADA EN EL DERECHO MAYOR, LOS COMPONENTES DEL SEIP, LOS ACUERDOS DEL PLAN NACIONAL DE DESARROLLO 2022 - 2026, EL DECRETO 1953 DE 2014 Y LA NORMATIVIDAD VIGENTE APLICABLE | G14: Prestación de servicios | H14: 29/08/2023 5:07:49 PM | I14: CO1.PCCNTR.5337144 | J14: CV-I-MEN-1346-2023 | K14: 254000000 | L14: ORGANIZACIÓN NACIONAL DE LOS PUEBLOS INDIGENAS DE LA AMAZONIA COLOMBIANA | M14: https://www.secop.gov.co/CO1ContractsManagement/Tendering/ProcurementContractEdit/View?docUniqueIdentifier=CO1.PCCNTR.5337144&prevCtxUrl=https%3a%2f%2fwww.secop.gov.co%3a443%2fCO1ContractsManagement%2fTendering%2fProcurementContractManagement%2fIndex&prevCtxLbl=Contratos+
A15: Nacional | B15: MINISTERIO DE EDUCACION NACIONAL (MEN) | C15: 899999002 | D15: En ejecución | E15: Contratación régimen especial | F15: Aunar esfuerzos para la consolidación del proyecto de la Universidad Pública Indígena del Pueblo de los Pastos y Quillasingas como parte del proceso de fortalecimiento de la educación superior propia, orientada a través del derecho mayor, ley de origen, ley natural, derecho propio, el bloque de constitucionalidad, el Decreto 1953 de 2014 , los componentes del SEIP y la normatividad aplicable vigente | G15: Prestación de servicios | H15: 30/08/2023 2:24:27 PM | I15: CO1.PCCNTR.5338882 | J15: CV-I-MEN-1251-2023 | K15: 460750000 | L15: Autoridades Indigenas de Colombia por la Pacha Mama - AICO | M15: https://www.secop.gov.co/CO1ContractsManagement/Tendering/ProcurementContractEdit/View?docUniqueIdentifier=CO1.PCCNTR.5338882&prevCtxUrl=https%3a%2f%2fwww.secop.gov.co%3a443%2fCO1ContractsManagement%2fTendering%2fProcurementContractManagement%2fIndex&prevCtxLbl=Contratos+
A16: Nacional | B16: MINISTERIO DE EDUCACION NACIONAL (MEN) | C16: 899999003 | D16: En ejecución | E16: Contratación régimen especial | F16: AUNAR ESFUERZOS Y RECURSOS TÉCNICOS, ADMINISTRATIVOS Y FINANCIEROS PARA EL FORTALECIMIENTO DE LA EDUCACIÓN PROPIA E INTERCULTURAL EN LA PERSPECTIVA DEL DESARROLLO Y LA IMPLEMENTACIÓN DEL COMPONENTE PEDAGÓGICO DEL SISTEMA EDUCATIVO INDÍGENA PROPIO- SEIP- Y LA ARTICULACIÓN DE ACCIONES PEDAGÓGICAS NECESARIAS DIRIGIDAS A LA ATENCIÓN DE LA COMUNIDAD EDUCATIVA POR PARTE DEL CONSEJO REGIONAL INDÍGENA DE CALDAS -CRIDEC A TRAVÉS DE LA ASOCIACIÓN DE CABILDOS INDÍGENAS DE CALDAS ACICAL. | G16: Prestación de servicios | H16: 26/03/2021 10:29:51 AM | I16: CO1.PCCNTR.2386594 | J16: CV-I-MEN-810-2021 | K16: 2534000000 | L16: ASOCIACIÓN DE CABILDOS INDÍGENAS DE CALDASS | M16: https://www.secop.gov.co/CO1ContractsManagement/Tendering/ProcurementContractManagement/Index
A17: Nacional | B17: MINISTERIO DE EDUCACION NACIONAL (MEN) | C17: 899999004 | D17: En ejecución | E17: Contratación régimen especial | F17: FORTALECIMIENTO AL DESARROLLO E IMPLEMENTACIÓN DEL PROYECTO EDUCATIVO COMUNITARIO DEL PUEBLO INDÍGENA JIW, PARA GARANTIZAR UNAS TRAYECTORIAS EDUCATIVAS PERTINENTES Y DE CALIDAD, QUE RECONOZCAN LA INTERCULTURALIDAD Y LAS PARTICULARIDADES DE LA COMUNIDAD FOCALIZADA. | G17: Prestación de servicios | H17: 7/07/2022 4:55:51 PM | I17: CO1.PCCNTR.3787396 | J17: SD-MEN-BID- P47983-2022 | K17: 141537441 | L17: ASOCIACION DE CABILDOS INDIGENAS DEL PUEBLO SIONA | M17: https://www.secop.gov.co/CO1ContractsManagement/Tendering/ProcurementContractManagement/Index

Sheet CO1.PCCNTR.2808033 APCA U.T. LA
A1: RELACIONE EL NOMBRE DEL PROCESO
A2: OBJETO | C2: Implementar el Modelo de Educación Inicial en Ruralidad
A4: ITEM | B4: RUBRO | C4: CANTIDAD | E4: VALOR MENSUAL | F4: VALOR FASE 1 | G4: % | H4: VALOR FASE 2 | J4: VALOR FASE 3 | K4: % | L4: TOTAL FASE 1+2+3 | M4: %
A5: 1 | B5: TALENTO HUMANO MINIMO REQUERIDO
A6: 1.1 | B6: Coordinador General | C6: 1 | D6: Sede | E6: 7312500 | F6: 3707031 | G6: =F6*100%/$F$80 -> 0.0019119889 | H6: 22848890 | I6: =+H6*100%/$F$80 -> 0.011784855 | J6: 2694079 | K6: =J6*100%/$F$80 -> 0.001389535 | L6: =+F6+H6+J6 -> 29250000 | M6: =+G6+I6+K6 -> 0.015086379
D7: Campo | E7: 1687500 | F7: 855469 | G7: =F7*100%/$F$80 -> 0.00044122837 | H7: 5272821 | I7: =+H7*100%/$F$80 -> 0.0027195821 | J7: 621711 | K7: =J7*100%/$F$80 -> 0.00032066215 | L7: =+F7+H7+J7 -> 6750001 | M7: =+G7+I7+K7 -> 0.0034814726
A8: 1.2 | B8: Asesor Pedagógico | C8: 1 | D8: Sede | E8: 4812500 | F8: 2439670 | G8: =F8*100%/$F$80 -> 0.0012583175 | H8: 15037304 | I8: =+H8*100%/$F$80 -> 0.0077558451 | J8: 1773026 | K8: =J8*100%/$F$80 -> 0.00091448009 | L8: =+F8+H8+J8 -> 19250000 | M8: =+G8+I8+K8 -> 0.0099286427
D9: Campo | E9: 2187500 | F9: 1108940 | G9: =F9*100%/$F$80 -> 0.00057196203 | H9: 6835138 | I9: =+H9*100%/$F$80 -> 0.0035253841 | J9: 805921 | K9: =J9*100%/$F$80 -> 0.00041567281 | L9: =+F9+H9+J9 -> 8749999 | M9: =+G9+I9+K9 -> 0.0045130189
A10: 1.3 | B10: Profesional de acompañamiento | C10: 17 | D10: Campo | E10: 4000000 | F10: 34472222 | G10: =F10*100%/$F$80 -> 0.017779864 | H10: 212475146 | I10: =+H10*100%/$F$80 -> 0.10958908 | J10: 25052632 | K10: =J10*100%/$F$80 -> 0.012921487 | L10: =+F10+H10+J10 -> 272000000 | M10: =+G10+I10+K10 -> 0.14029043
A11: 1.4 | B11: Profesional especializado salas de lectura | C11: 1 | D11: Sede | E11: 1718750 | F11: 871311 | G11: =F11*100%/$F$80 -> 0.00044939925 | H11: 5370465 | I11: =+H11*100%/$F$80 -> 0.0027699443 | J11: 633224 | K11: =J11*100%/$F$80 -> 0.00032660025 | L11: =+F11+H11+J11 -> 6875000 | M11: =+G11+I11+K11 -> 0.0035459438
D12: Campo | E12: 3781250 | F12: 1916884 | G12: =F12*100%/$F$80 -> 0.00098867825 | H12: 11815024 | I12: =+H12*100%/$F$80 -> 0.006093878 | J12: 1393092 | K12: =J12*100%/$F$80 -> 0.00071852014 | L12: =+F12+H12+J12 -> 15125000 | M12: =+G12+I12+K12 -> 0.0078010764
A13: 1.5 | B13: Profesional de apoyo salas de lectura | C13: 1 | D13: Sede | E13: 1156250 | F13: 586155 | G13: =F13*100%/$F$80 -> 0.0003023233 | H13: 3612859 | I13: =+H13*100%/$F$80 -> 0.0018634175 | J13: 425987 | K13: =J13*100%/$F$80 -> 0.00021971287 | L13: =+F13+H13+J13 -> 4625001 | M13: =+G13+I13+K13 -> 0.0023854536
D14: Campo | E14: 2543750 | F14: 1289540 | G14: =F14*100%/$F$80 -> 0.00066511075 | H14: 7948289 | I14: =+H14*100%/$F$80 -> 0.004099518 | J14: 937171 | K14: =J14*100%/$F$80 -> 0.0004833681 | L14: =+F14+H14+J14 -> 10175000 | M14: =+G14+I14+K14 -> 0.0052479969
A15: 1.6 | B15: Investigador Principal | C15: 1 | D15: Sede | E15: 5500000 | F15: 2788194 | G15: =F15*100%/$F$80 -> 0.001438077 | H15: 17185490 | I15: =+H15*100%/$F$80 -> 0.0088638229 | J15: 2026316 | K15: =J15*100%/$F$80 -> 0.0010451204 | L15: =+F15+H15+J15 -> 22000000 | M15: =+G15+I15+K15 -> 0.01134702
D16: Campo | E16: 2500000 | F16: 1267361 | G16: =F16*100%/$F$80 -> 0.00065367141 | H16: 7811586 | I16: =+H16*100%/$F$80 -> 0.0040290102 | J16: 921053 | K16: =J16*100%/$F$80 -> 0.00047505487 | L16: =+F16+H16+J16 -> 10000000 | M16: =+G16+I16+K16 -> 0.0051577365
A17: 1.7 | B17: Coinvestigadores | C17: 2 | D17: Sede | E17: 3000000 | F17: 3041667 | G17: =F17*100%/$F$80 -> 0.0015688117 | H17: 18747807 | I17: =+H17*100%/$F$80 -> 0.0096696248 | J17: 2210526 | K17: =J17*100%/$F$80 -> 0.0011401311 | L17: =+F17+H17+J17 -> 24000000 | M17: =+G17+I17+K17 -> 0.012378568
D18: Campo | E18: 1000000 | F18: 1013889 | G18: =F18*100%/$F$80 -> 0.00052293723 | H18: 6249269 | I18: =+H18*100%/$F$80 -> 0.0032232083 | J18: 736842 | K18: =J18*100%/$F$80 -> 0.00038004369 | L18: =+F18+H18+J18 -> 8000000 | M18: =+G18+I18+K18 -> 0.0041261892
A19: 1.8 | B19: Personal Administrativo y financiero | C19: 1 | D19: Sede | E19: 5000000 | F19: 2534722 | G19: =F19*100%/$F$80 -> 0.0013073428 | H19: 15623172 | I19: =+H19*100%/$F$80 -> 0.0080580204 | J19: 1842105 | K19: =J19*100%/$F$80 -> 0.00095010921 | L19: =+F19+H19+J19 -> 19999999 | M19: =+G19+I19+K19 -> 0.010315472
A20: SUBTOTAL | F20: =SUM(F6:F19) -> 57893055 | G20: =SUM(G6:G19) -> 0.029859712 | H20: =SUM(H6:H19)+1 -> 356833261 | I20: =SUM(I6:I19) -> 0.18404519 | J20: =SUM(J6:J19) -> 42073685 | K20: =SUM(K6:K19) -> 0.021700498 | L20: =SUM(L6:L19) -> 456800000 | M20: =SUM(M6:M19) -> 0.2356054
A21: 2 | B21: FASE ALISTAMIENTO Y DEFINICIÓN DE CONTENIDOS TÉCNICOS | C21: CANTIDAD | E21: MESES | F21: VALOR TOTAL
A22: 2.1 | B22: Selección y contratación del equipo de trabajo
A23: 2.1.1 | B23: Proceso de selección y contratación de profesionales
A24: 2.1.2 | B24: Inducción en cascada (equipo central y maestras y maestros)
A25: 2.2 | B25: Elaboración y validación de plan de trabajo, cronograma, metodologías e instrumentos
A26: 2.2.1 | B26: Revisión y análisis de directrices técnicas, insumos y formatos suministrados por el MEN
A27: 2.2.2 | B27: Proyección de acompañamiento de las niñas y niños
A28: 2.2.3 | B28: Proyección de los acompañamientos a maestras y maestros en la implementación del modelo
A29: 2.2.4 | B29: Proyección de la ruta metodológica para el seguimiento y documentación del modelo
A30: 2.2.5 | B30: Gestión proceso de Salas de Lectura
A31: 2.3 | B31: Adquisición y despliegue de dotaciones y recursos
A32: 2.3.1 | B32: Revisión y análisis de insumos suministrados por el MEN y los Establecimientos Educativos
A33: 2.3.2 | B33: Gestión proceso de Salas de Lectura
... A39: 2.5.2 | B39: Diseño de la estrategia de Ssitematización
A40: SUBTOTAL | F40: 220535750 | G40: =F40*100%/F80 -> 0.11374653
A41: 3 | B41: IMPLEMENTACIÓN DEL MODELO | C41: CANTIDAD | E41: MESES | F41: VALOR TOTAL
A42: 3.1 | B42: Actividades para desarrollar con niñas y niños y sus familias
A43: 3.1.1 | B43: Exploración del entorno y caracterización de los niños y niñas
A44: 3.1.2 | B44: Reconocimiento del Territorio
A45: 3.1.3 | B45: Realización de cartografía social
A46: 3.1.4 | B46: Movlización social y comunicación en el territorio
A47: 3.1.5 | B47: Aplicación y análisis de instrumnentos o recolección de información
A48: 3.1.6 | B48: Implementación de acompañamiento
A49: 3.1.7 | B49: Momentos de acompañamiento individual
A50: 3.1.8 | B50: Momentos de intercambio y aprendizaje entre familias
A51: 3.1.9 | B51: Momentos para jugar, explorar, cantar, narrar, crear y aprender entre pares
A52: 3.2 | B52: Actividades para desarrollar con maestras y maestros
A53: 3.2.1 | B53: Acompañamiento a maestros y maestras en la implementación del modelo
... A63: 3.4 | B63: Entrega y aprobación de productos del informe de avance - Fase 2
A64: SUBTOTAL | H64: 1199093500 | I64: =H64*100%/F80 -> 0.61846083
A65: 4 | B65: CIERRE DEL PROCESO Y ENTREGA FINAL | C65: CANTIDAD | E65: MESES | F65: VALOR TOTAL
A66: 4.1 | B66: Actividades para desarrollar y presentar los resultados del Modelo en atención a las niñas, niños y sus familias
A67: 4.1.1 | B67: Cierres de acompañamientos de las niñas, niños y sus familias
A68: 4.1.2 | B68: Desarrollo de un encuentro de cierre por territorio para dar a conocer las experiencias vividas
A69: 4.2 | B69: Desarrollo de capacidades de maestras y maestros para la educación inicial en zonas rurales y rurales dispersas
A70: 4.2.1 | B70: Cierre de acompañamientos del proceso con maestras y maestros
A71: 4.2.2 | B71: Encuentro de cierre por territorio para dar a conocer las experiencias vividas en las estrategias metodológicas
A72: 4.2.3 | B72: Desarrollo de un conversatorio Interinstitucional
A73: 4.3 | B73: Seguimiento y documentación del modelo
A74: 4.3.1 | B74: Entrega y socialización del ejercicio de sistematización
A75: 4.4 | B75: Entrega y aprobación de productos finales
A76: SUBTOTAL | J76: 62405750 | K76: =J76*100%/F80 -> 0.032187241
A77: 1+2+3+4 | B77: TOTAL COSTOS DIRECTOS E INDIRECTOS DE OPERACIÓN | F77: =+F40+F20 -> 278428805 | G77: =+G40+G20 -> 0.14360624 | H77: =+H64+H20 -> 1555926761 | I77: =+I64+I20 -> 0.80250602 | J77: =+J76+J20 -> 104479435 | K77: =+K76+K20 -> 0.053887739 | L77: =F77+H77+J77 -> 1938835001 | M77: =+G77+I77+K77 -> 1
B78: COSTOS INDIRECTOS DE OPERACIÓN
F80: 1938835001

Sheet CO1.PCCNTR.2713913 Comite Cafet
A1: RELACIONE EL NOMBRE DEL PROCESO
A2: OBJETO | C2: Consultoría para diseñar y apoyar la implementación de un modelo de acuerdo binacional para asegurar la trayectoria educativa en estudiantes de zona rural y de frontera entre Ecuador y Colombia en el departamento del Putumayo
A4: ITEM | B4: RUBRO | C4: CANTIDAD | D4: % DE DEDICACIÓN | E4: MESES | F4: VALOR MENSUAL Y/O UNITARIO | G4: VALOR TOTAL | H4: %
A5: 1 | B5: TALENTO HUMANO MINIMO REQUERIDO
A6: 1.1. | B6: Coordinador | C6: 1 | D6: 1 | E6: 3.2 | F6: 15600000 | G6: =(E6*F6)*D6*C6 -> 49920000 | H6: =G6*100%/$G$27 -> 0.12452609
A7: 1.2. | B7: Profesional Orientador Tipo 1 | C7: 2 | D7: 1 | E7: =1.5+2.7 -> 4.2 | F7: 13591400 | G7: =(E7*F7)*D7*C7 -> 114167760 | H7: =G7*100%/$G$27 -> 0.28479296
A8: 1.4. | B8: Profesional Orientador Tipo 2 | C8: 1 | D8: 1 | E8: 2.8 | F8: 13591400 | G8: =(E8*F8)*D8 -> 38055920 | H8: =G8*100%/$G$27 -> 0.094930988
A9: 1.5. | B9: Personal de Apoyo Administrativo | C9: 1 | D9: 1 | E9: 5 | F9: 3953927 | G9: =(E9*F9)*D9 -> 19769635 | H9: =G9*100%/$G$27 -> 0.049315612
A10: 1.6. | B10: Investigadora Crece | C10: 1 | D10: 1 | E10: 3 | F10: 14285714 | G10: =((E10*F10)*D10)*C10 -> 42857142 | H10: =G10*100%/$G$27 -> 0.1069077
A11: SUBTOTAL | C11: =SUM(C6:C10) -> 6 | F11: =SUM(F6:F10) -> 61022441 | G11: =SUM(G6:G10)+2 -> 264770459 | H11: =SUM(H6:H10) -> 0.66047335
A12: 2 | B12: OTROS GASTOS | C12: CANTIDAD | F12: VALOR UNITARIO | G12: VALOR TOTAL | H12: %
A13: 2.1 | B13: Manuales y otros materiales usados en el desarrollo | C13: =32*2 -> 64 | D13: N/A | E13: N/A | F13: 100000 | G13: =C13*F13 -> 6400000 | H13: =G13*100%/$G$27 -> 0.015964883
A14: 2.2 | B14: Preparación y reproducción de informes | C14: =8*2 -> 16 | D14: N/A | E14: N/A | F14: 1000000 | G14: =C14*F14 -> 16000000 | H14: =G14*100%/$G$27 -> 0.039912208
A15: 2.3 | B15: Gastos de comunicación | C15: =8*2 -> 16 | D15: N/A | E15: N/A | F15: 500000 | G15: =C15*F15 -> 8000000 | H15: =G15*100%/$G$27 -> 0.019956104
A16: SUBTOTAL | C16: =SUM(C13:C15) -> 96 | G16: =SUM(G13:G15) -> 30400000 | H16: =SUM(H13:H15) -> 0.075833196
A17: 3 | B17: GASTOS DE DESPLAZAMIENTO | C17: CANTIDAD | F17: VALOR UNITARIO | G17: VALOR TOTAL | H17: %
A18: 3.1 | B18: Viáticos. Alojamiento y cenas 1 profesional/9 días por cada 4 sedes acompañadas: 4 días de desplazamiento ida y regreso y 5 días de ejecución) | C18: =72*2 -> 144 | D18: N/A | E18: N/A | F18: 139927 | G18: =C18*F18 -> 20149488 | H18: =G18*100%/$G$27 -> 0.05026316
A19: 3.2 | B19: Vuelos nacionales. Manizales - Puerto Asis | C19: =8*2 -> 16 | D19: N/A | E19: N/A | F19: 1700000 | G19: =C19*F19 -> 27200000 | H19: =G19*100%/$G$27 -> 0.067850754
A20: 3.3 | B20: Otros gastos de viaje (Transporte terrestre en el Putumayo: 5 trayectos por cada 4 escuelas; 40 trayectos para las 32 escuelas) | C20: =40*2 -> 80 | D20: N/A | E20: N/A | F20: 307532 | G20: =C20*F20 -> 24602560 | H20: =G20*100%/$G$27 -> 0.061371406
A21: 3.4 | B21: Otros gastos de viaje (Transporte en desplazamientos Manizales a Putumayo) | C21: =8*2 -> 16 | D21: N/A | E21: N/A | F21: 46130 | G21: =C21*F21 -> 738080 | H21: =G21*100%/$G$27 -> 0.0018411502
A22: SUBTOTAL | C22: =SUM(C18:C21) -> 256 | G22: =SUM(G18:G21)+5 -> 72690133 | H22: =G22*100%/$G$27 -> 0.18132648
A23: 1+2+3 | B23: TOTAL COSTOS DIRECTOS | G23: =+G22+G16+G11+1 -> 367860593 | H23: =G23*100%/$G$27 -> 0.91763304
B24: COSTOS INDIRECTOS DE OPERACIÓN
A25: 3.1 | B25: Gastos de Administración | C25: Gravamen a los movimientos financieros, costos administrativos y demas en que incurra la universidad para garantizar el cumplimient odel objeto contractual. | G25: 33019254 | H25: =+G25*100%/G27 -> 0.082366959
B26: SUBTOTAL | G26: =G25 -> 33019254 | H26: =SUM(H25) -> 0.082366959
B27: VALOR TOTAL DEL PROYECTO | G27: =G26+G23+1 -> 400879848 | H27: =H23+H26 -> 1

Sheet CO1.PCCNTR.2559252 PROYECTAMOS 
A1: RELACIONE EL NOMBRE DEL PROCESO
A2: OBJETO | C2: Realizar la medición de la calidad de la educación inicial en el grado transición en una muestra representativa nacional de establecimientos educativos oficiales ubicados en zonas urbanas y rurales del país el desarrollo de un estudio cualitativo centrado en el reconocimiento de las particularidad
A4: ITEM | B4: RUBRO | C4: CANTIDAD | D4: % DE DEDICACIÓN | E4: MESES | F4: VALOR MENSUAL Y/O UNITARIO | G4: VALOR TOTAL | H4: %
A5: 1 | B5: TALENTO HUMANO MINIMO REQUERIDO
A6: 1.1 | B6: Director | C6: 1 | D6: 0.5 | E6: 7.5 | F6: 14900000 | G6: =(E6*F6)*D6*C6 -> 55875000 | H6: =G6*100%/$G$38 -> 0.023801399
A7: 1.2 | B7: Asesor Técnico | C7: 1 | D7: 0.5 | E7: 7.5 | F7: 13000000 | G7: =(E7*F7)*D7*C7 -> 48750000 | H7: =G7*100%/$G$38 -> 0.020766321
A8: 1.3 | B8: Asesor en metdología de la investigación cualitativa | C8: 1 | D8: 0.5 | E8: 5 | F8: 13000000 | G8: =(E8*F8)*D8 -> 32500000 | H8: =G8*100%/$G$38 -> 0.013844214
A9: 1.4 | B9: Coordinador trabajo de campo | C9: 1 | D9: 1 | E9: 5 | F9: 6800000 | G9: =(E9*F9)*D9 -> 34000000 | H9: =G9*100%/$G$38 -> 0.014483178
A10: 1.5 | B10: Profesionales de campo | C10: 5 | D10: 1 | E10: 5 | F10: 2900000 | G10: =((E10*F10)*D10)*C10 -> 72500000 | H10: =G10*100%/$G$38 -> 0.030883246
A11: 1.6 | B11: Profesional con experiencia en transcripción de información cualitativa | C11: 1 | D11: 0.5 | E11: 3 | F11: 8500000 | G11: =((E11*F11)*D11)*C11 -> 12750000 | H11: =G11*100%/$G$38 -> 0.0054311916
A12: 1.7 | B12: Profesionales especializados en estadística | C12: 2 | D12: 1 | E12: 7.5 | F12: 5800000 | G12: =((E12*F12)*D12)*C12 -> 87000000 | H12: =G12*100%/$G$38 -> 0.037059896
A13: 1.8 | B13: Coordinadores regionales para la aplicación de instrumentos del modelo de medición | C13: 10 | D13: 1 | E13: 2 | F13: 3700000 | G13: =((E13*F13)*D13)*C13 -> 74000000 | H13: =G13*100%/$G$38 -> 0.03152221
A14: 1.9 | B14: Aplicadores de instrumentos de medición de calidad | C14: 98 | D14: 1 | E14: 2 | F14: 2900000 | G14: =((E14*F14)*D14)*C14 -> 568400000 | H14: =G14*100%/$G$38 -> 0.24212465
A15: 1.10 | B15: Auxiliar administrativo y logístico | C15: 1 | D15: 1 | E15: 7.5 | F15: 2900000 | G15: =((E15*F15)*D15)*C15 -> 21750000 | H15: =G15*100%/$G$38 -> 0.0092649739
A16: 1.11 | B16: Coordinador de consolidación de programa de entretenimiento | C16: 1 | D16: 1 | E16: 7.5 | F16: 4700000 | G16: =((E16*F16)*D16)*C16 -> 35250000 | H16: =G16*100%/$G$38 -> 0.015015647
A17: 1.12 | B17: Profesional para diseño de herramientas asociadas al programa de entrenamiento | C17: 1 | D17: 1 | E17: 3 | F17: 4500000 | G17: =((E17*F17)*D17)*C17 -> 13500000 | H17: =G17*100%/$G$38 -> 0.0057506735
A18: 1.13 | B18: Profesional en producción audiovisual | C18: 1 | D18: 1 | E18: 3 | F18: 4800000 | G18: =((E18*F18)*D18)*C18 -> 14400000 | H18: =G18*100%/$G$38 -> 0.0061340517
A19: 1.14 | B19: Expertos en primera infancia | C19: 3 | D19: 0.5 | E19: 3 | F19: 13000000 | G19: =((E19*F19)*D19)*C19 -> 58500000 | H19: =G19*100%/$G$38 -> 0.024919585
A20: 1.15 | B20: Profesional para edición y corrección de estilo | C20: 1 | D20: 1 | E20: 3 | F20: 4500000 | G20: =((E20*F20)*D20)*C20 -> 13500000 | H20: =G20*100%/$G$38 -> 0.0057506735
A21: 1.16 | B21: Profesional en diseño | C21: 1 | D21: 0.5 | E21: 2 | F21: 8900000 | G21: =((E21*F21)*D21)*C21 -> 8900000 | H21: =G21*100%/$G$38 -> 0.0037911847
A22: 1.17 | B22: Profesional experto en análisis de datos | C22: 1 | D22: 0.5 | E22: 3 | F22: 8900000 | G22: =((E22*F22)*D22)*C22 -> 13350000 | H22: =G22*100%/$G$38 -> 0.0056867771
A23: SUBTOTAL | C23: =SUM(C6:C22) -> 130 | F23: =SUM(F6:F22) -> 123700000 | G23: =SUM(G6:G22) -> 1164925000 | H23: =SUM(H6:H22) -> 0.49622987
A24: 2 | B24: OTROS GASTOS | C24: CANTIDAD | F24: VALOR UNITARIO | G24: VALOR TOTAL | H24: %
A25: 2.1 | B25: Alquiler DMC (recolección de información) | C25: 114 | D25: N/A | E25: 2 | F25: 142800 | G25: =C25*F25*E25 -> 32558400 | H25: =G25*100%/$G$38 -> 0.013869091
A26: 2.2 | B26: Papelería y miscelanea | C26: 1 | D26: N/A | E26: 5 | F26: 5831000 | G26: =C26*F26*E26 -> 29155000 | H26: =G26*100%/$G$38 -> 0.012419325
A27: 2.3 | B27: Espacios de entrenamiento | C27: 15 | D27: N/A | E27: 1 | F27: 3094000 | G27: =C27*F27*E27 -> 46410000 | H27: =G27*100%/$G$38 -> 0.019769537
A28: SUBTOTAL | C28: =SUM(C25:C27) -> 130 | G28: =SUM(G25:G27) -> 108123400 | H28: =SUM(H25:H27) -> 0.046057953
A29: 3 | B29: GASTOS DE DESPLAZAMIENTO | C29: CANTIDAD | E29: PLAZO DE EJECUCION (7,5 MESES) TIEMPO MAX A PONER | F29: VALOR UNITARIO | G29: VALOR TOTAL | H29: %
A30: 3.1 | B30: Gastos de transporte | C30: 114 | D30: N/A | E30: 2 | F30: 1142400 | G30: =C30*F30*E30 -> 260467200 | H30: =G30*100%/$G$38 -> 0.11095273
A31: 3.2 | B31: Gastos de viáticos (alimentación y hospedaje) | C31: 114 | D31: N/A | E31: 2 | F31: 2266435.9 | G31: =C31*F31*E31 -> 5.167474e+08 | H31: =G31*100%/$G$38 -> 0.22012189
A32: SUBTOTAL | C32: =SUM(C30:C31) -> 228 | G32: =SUM(G30:G31) -> 7.772146e+08 | H32: =G32*100%/$G$38 -> 0.33107462
A33: 1+2+3 | B33: TOTAL COSTOS DIRECTOS | G33: =+G32+G28+G23+1 -> 2.050263e+09 | H33: =H32+H28+H23 -> 0.87336245
B34: COSTOS INDIRECTOS DE OPERACIÓN
A35: 4 | B35: Gastos de Administración | C35: Gravamen a los movimientos financieros, costos administrativos y demas en que incurra la universidad para garantizar el cumplimient odel objeto contractual. | G35: 1.5376972e+08 | H35: =G35*100%/G38 -> 0.065502183
A36: 5 | B36: Utilidad | G36: 1.4351841e+08 | H36: =G36*100%/G38 -> 0.061135371
B37: SUBTOTAL | G37: =SUM(G35:G36) -> 2.9728813e+08 | H37: =SUM(H35:H36) -> 0.12663755
B38: VALOR TOTAL DEL PROYECTO SIN IVA | G38: =+G23+G28+G32+G37 -> 2.3475511e+09 | H38: =H33+H37 -> 1
A39: 6 | B39: Iva 19% | G39: =+G38*19% -> 4.4603471e+08
B40: SUBTOTAL | G40: =SUM(G39:G39) -> 4.4603471e+08
B41: VALOR TOTAL DEL PROYECTO CON IVA | G41: =+G38+G40 -> 2.7935858e+09 | H41: =H38+H40 -> 1

Sheet CO1.PCCNTR.2473858 Salle 2021
A1: RELACIONE EL NOMBRE DEL PROCESO
A2: OBJETO | C2: Consultoría para el desarrollo de planes de formación complementaria en las escuelas normales superiores actualizados para estrategias educativas rurales
A4: ITEM | B4: RUBRO | C4: CANTIDAD | D4: % DE DEDICACIÓN | E4: MESES | F4: VALOR MENSUAL Y/O UNITARIO | G4: VALOR TOTAL | H4: %
A5: 1 | B5: TALENTO HUMANO MINIMO REQUERIDO
A6: 1.1 | B6: Coordinador | C6: 1 | D6: 1 | E6: 8 | F6: 8000000 | G6: =C6*D6*E6*F6 -> 64000000 | H6: =G6*100%/$G$32 -> 0.02070703
A7: 1.2 | B7: Expertos en campos de conocimiento | C7: 4 | D7: 1 | E7: 8 | F7: 7000000 | G7: =C7*D7*E7*F7 -> 224000000 | H7: =G7*100%/$G$32 -> 0.072474606
A8: 1.3 | B8: Expertos en los ejes procesuales | C8: 4 | D8: 1 | E8: 8 | F8: 7000000 | G8: =C8*D8*E8*F8 -> 224000000 | H8: =G8*100%/$G$32 -> 0.072474606
A9: 1.4 | B9: Expertos en liderazgo directivo y educación rural | C9: 3 | D9: 1 | E9: 8 | F9: 7000000 | G9: =C9*D9*E9*F9 -> 168000000 | H9: =G9*100%/$G$32 -> 0.054355954
A10: 1.5 | B10: Expertos en sistematización de datos | C10: 7 | D10: 1 | E10: 8 | F10: 6000000 | G10: =C10*D10*E10*F10 -> 336000000 | H10: =G10*100%/$G$32 -> 0.10871191
A11: 1.6 | B11: Desarrollador | C11: 3 | D11: 1 | E11: 8 | F11: 6000000 | G11: =C11*D11*E11*F11 -> 144000000 | H11: =G11*100%/$G$32 -> 0.046590818
A12: 1.7 | B12: Asesoría tecno-pedagógica | C12: 4 | D12: 1 | E12: 8 | F12: 4000000 | G12: =C12*D12*E12*F12 -> 128000000 | H12: =G12*100%/$G$32 -> 0.041414061
A13: 1.8 | B13: Facilitadores regionales | C13: 25 | D13: 1 | E13: 8 | F13: 5500000 | G13: =C13*D13*E13*F13 -> 1100000000 | H13: =G13*100%/$G$32 -> 0.35590208
A14: 1.9 | B14: Profesional de comunicaciones | C14: 2 | D14: 1 | E14: 7 | F14: 4500000 | G14: =C14*D14*E14*F14 -> 63000000 | H14: =G14*100%/$G$32 -> 0.020383483
A15: 1.10 | B15: Diseñador | C15: 2 | D15: 1 | E15: 6 | F15: 4500000 | G15: =C15*D15*E15*F15 -> 54000000 | H15: =G15*100%/$G$32 -> 0.017471557
A16: 1.11 | B16: Diseñador Editorial | C16: 1 | D16: 1 | E16: 4 | F16: 4500000 | G16: =C16*D16*E16*F16 -> 18000000 | H16: =G16*100%/$G$32 -> 0.0058238523
A17: 1.12 | B17: Profesional Administrativo | C17: 1 | D17: 1 | E17: 8 | F17: 4000000 | G17: =C17*D17*E17*F17 -> 32000000 | H17: =G17*100%/$G$32 -> 0.010353515
A18: 1.13 | B18: Asistente Administrativo | C18: 1 | D18: 1 | E18: 8 | F18: 2500000 | G18: =C18*D18*E18*F18 -> 20000000 | H18: =G18*100%/$G$32 -> 0.006470947
A19: SUBTOTAL | F19: =SUM(F6:F18) -> 70500000 | G19: =SUM(G6:G18) -> 2575000000 | H19: =SUM(H6:H18) -> 0.83313442
A20: 2 | B20: PLATAFORMA TECNOLOGICA | C20: CANTIDAD | E20: MESES | F20: VALOR MENSUAL | G20: VALOR TOTAL
A21: 2.1 | B21: Plataforma Tecnologica de Gesión del Aprendizaje | C21: 1 | D21: N/A | E21: 8 | F21: 4603746 | G21: =(C21*E21*F21)-1 -> 36829967 | H21: =G21*100%/$G$32 -> 0.011916238
A22: 2.2 | B22: Licencia Uso de Plataforma | C22: 1677 | D22: N/A | E22: 1 | F22: =12000 -> 12000 | G22: =+C22*E22*F22 -> 20124000 | H22: =G22*100%/$G$32 -> 0.0065110668
A23: 2.3 | B23: Material | C23: =+C22 -> 1677 | D23: N/A | E23: 1 | F23: 30000 | G23: =F23*E23*C23 -> 50310000 | H23: =G23*100%/$G$32 -> 0.016277667
A24: 2.4 | B24: Publicidad | C24: 7 | D24: N/A | E24: 1 | F24: 3000000 | G24: =F24*E24*C24 -> 21000000 | H24: =G24*100%/$G$32 -> 0.0067944943
A25: 2.5 | B25: Socialización de experiencias y trabajo de campo | C25: 49 | D25: N/A | E25: 1 | F25: 850000 | G25: =F25*C25 -> 41650000 | H25: =G25*100%/$G$32 -> 0.013475747
A26: 2.6 | B26: Socialización de experiencias y trabajo de campo | C26: 49 | D26: N/A | E26: 3 | F26: 250000 | G26: =F26*E26*C26 -> 36750000 | H26: =G26*100%/$G$32 -> 0.011890365
A27: SUBTOTAL | G27: =SUM(G21:G26) -> 206663967 | H27: =SUM(H21:H26) -> 0.066865578
A28: 1+2 | B28: TOTAL COSTOS DIRECTOS DE OPERACIÓN | G28: =G19+G27 -> 2781663967 | H28: =G28/G32*100% -> 0.9
B29: COSTOS INDIRECTOS DE OPERACIÓN
A30: 3.1 | B30: Gastos de Administración | F30: 0.1 | G30: =+G28*0.1/0.9 -> 3.0907377e+08 | H30: =G30/G32*100% -> 0.1
B31: SUBTOTAL | G31: =G30 -> 3.0907377e+08
B32: VALOR TOTAL DEL PROYECTO | G32: =+G31+G27+G19 -> 3.0907377e+09 | H32: =H28+H30 -> 1

Sheet CO1.PCCNTR.2417016 FUND PLAN
A1: RELACIONE EL NOMBRE DEL PROCESO
A2: OBJETO | C2: Acompañar la implementación de las estrategias educativas en establecimientos educativos focalizados que implementan la estrategia de permanencia residencia escolar en zonas rurales con el fin de cualificar la atención educativa desde un uso significativo del tiempo escolar promover y acompañar
A4: ITEM | B4: RUBRO | C4: CANTIDAD | D4: % DE DEDICACIÓN | E4: MESES | F4: VALOR MENSUAL Y/O UNITARIO | G4: VALOR TOTAL | H4: %
A5: 1 | B5: TALENTO HUMANO MINIMO REQUERIDO
A6: 1.1 | B6: Coordinador Nacional - Gerente de proyecto | C6: 1 | D6: 1 | E6: 8 | F6: 12682076 | G6: =(E6*F6)*D6*C6 -> 101456608 | H6: =G6*100%/$G$26 -> 0.069788075
A7: 1.2 | B7: Lider Técnico - Subgerente Técnico | C7: 1 | D7: 1 | E7: 8 | F7: 6776264 | G7: =(E7*F7)*D7*C7+86800 -> 54296912 | H7: =G7*100%/$G$26 -> 0.037348745
A8: 1.3 | B8: Lider Operativo - Subgerente Operativo | C8: 1 | D8: 1 | E8: 8 | F8: 4182564 | G8: =(E8*F8)*D8+86800 -> 33547312 | H8: =G8*100%/$G$26 -> 0.023075898
A9: 1.4 | B9: Profesional para la implementación del componente salud y nutrición, protocolo de bioseguridad y protocolo de bioseguridad y protocolo de limpieza y desinfección | C9: 1 | D9: 1 | E9: 8 | F9: 4182564 | G9: =(E9*F9)*D9+86800 -> 33547312 | H9: =G9*100%/$G$26 -> 0.023075898
A10: 1.5 | B10: Profesional para la implementación de componente pedagófico y vida cotidiana | C10: 3 | D10: 1 | E10: 8 | F10: 4182564 | G10: =((E10*F10)*D10)*C10+86800 -> 100468336 | H10: =G10*100%/$G$26 -> 0.069108281
A11: 1.6 | B11: Profesesional para la implementación de componente familia, comunidad y redes y gestion emocional | C11: 1 | D11: 1 | E11: 8 | F11: 4182564 | G11: =((E11*F11)*D11)*C11+86800 -> 33547312 | H11: =G11*100%/$G$26 -> 0.023075898
A12: 1.7 | B12: Profesional para la implementación del componente administración y gestión financiera, planes y proyectos de inversión para la mejora de las residencias escolares | C12: 2 | D12: 1 | E12: 8 | F12: 4182564 | G12: =((E12*F12)*D12)*C12+86800 -> 67007824 | H12: =G12*100%/$G$26 -> 0.046092089
A13: 1.8 | B13: Profesional en tema de género | C13: 1 | D13: 1 | E13: 8 | F13: 4182564 | G13: =((E13*F13)*D13)*C13+86800 -> 33547312 | H13: =G13*100%/$G$26 -> 0.023075898
A14: 1.9 | B14: Profesional de apoyo en la implementación plan de comunicaciones para el fortalecimiento pedagógico de las instituciones educativas con residencia escolar | C14: 1 | D14: 1 | E14: 8 | F14: 4182564 | G14: =((E14*F14)*D14)*C14+86800 -> 33547312 | H14: =G14*100%/$G$26 -> 0.023075898
A15: 1.10 | B15: Profesionales para la implementación del proyecto en campo | C15: 32 | D15: 1 | E15: 7 | F15: 2822428 | G15: =((E15*F15)*D15)*C15+86519 -> 632310391 | H15: =G15*100%/$G$26 -> 0.43494185
A16: 1.11 | B16: Profesional especializado en Monitoreo y Evaluación | C16: 1 | D16: 1 | E16: 7 | F16: 3601189 | G16: =((E16*F16)*D16)*C16+86800 -> 25295123 | H16: =G16*100%/$G$26 -> 0.017399536
A17: 1.12 | B17: Analista de proyecto | C17: 2 | D17: 1 | E17: 8 | F17: 2822428 | G17: =((E17*F17)*D17)*C17+86801 -> 45245649 | H17: =G17*100%/$G$26 -> 0.031122731
A18: 1.13 | B18: Analista Financiero | C18: 1 | D18: 1 | E18: 8 | F18: 2822428 | G18: =((E18*F18)*D18)*C18+86801 -> 22666225 | H18: =G18*100%/$G$26 -> 0.015591219
A19: 1.14 | B19: Auxliar en gestión documental | C19: 1 | D19: 1 | E19: 3 | F19: 1594971 | G19: =((E19*F19)*D19)*C19+86800 -> 4871713 | H19: =G19*100%/$G$26 -> 0.0033510629
A20: SUBTOTAL | C20: =SUM(C6:C19) -> 49 | F20: =SUM(F6:F19) -> 62399732 | G20: =SUM(G6:G19)-11085419 -> 1210269922 | H20: =SUM(H6:H19) -> 0.84012308
A21: 2 | B21: OTROS GASTOS | C21: CANTIDAD | F21: VALOR UNITARIO | G21: VALOR TOTAL | H21: %
A22: 2.1 | B22: Implementación encuentro nacional | C22: 1 | D22: N/A | E22: N/A | F22: N/A | G22: N/A | H22: N/A
A23: 2.2 | B23: Insumos de trabajo | C23: 1 | D23: N/A | E23: N/A | F23: N/A | G23: N/A | H23: N/A
A24: 2.3 | B24: Gastos Administrativos | C24: 1 | D24: N/A | E24: N/A | F24: N/A | G24: N/A | H24: N/A
A25: SUBTOTAL | C25: =SUM(C22:C24) -> 3 | G25: 243511519 | H25: =G25*100%/G26 -> 0.16750215
A26: 1+2+3 | B26: TOTAL COSTOS DIRECTOS + INDIRECTOS | G26: =+G20+G25 -> 1453781441 | H26: =+H20+H25-1% -> 0.99762523
B27: COSTOS INDIRECTOS DE OPERACIÓN
A28: 4 | B28: Iva 19% | G28: =+G26*19% -> 2.7621847e+08
B29: SUBTOTAL | G29: =SUM(G28:G28) -> 2.7621847e+08
B30: VALOR TOTAL DEL PROYECTO CON IVA | G30: =+G26+G29 -> 1.7299999e+09

Sheet CO1.PCCNTR.2546507 INCAP BETA
A1: RELACIONE EL NOMBRE DEL PROCESO
A2: OBJETO | C2: Implementar estrategias educativas rurales a través de la dinamización de ecosistemas de innovación para la educación media con el fin de fortalecer la articulación de acciones estrategias y productos en pro de generar políticas educativas integrales dirigidas a los adolescentes y jóvenes
A4: ITEM | B4: RUBRO | C4: CANTIDAD | D4: % DE DEDICACIÓN | E4: MESES | F4: VALOR MENSUAL Y/O UNITARIO | G4: VALOR TOTAL | H4: %
B5: DINAMIZADOR NACIONAL DE ECOSISTEMAS
A6: 1.1 | B6: Gerente | C6: 1 | D6: 1 | E6: 6.5 | F6: 10201393 | G6: =(E6*F6)*D6*C6+1 -> 66309056 | H6: =G6*100%/$G$26 -> 0.060767362
A7: 1.2 | B7: Asesor de Alianzas | C7: 1 | D7: 1 | E7: 6.5 | F7: 8982273 | G7: =(E7*F7)*D7*C7 -> 58384774 | H7: =G7*100%/$G$26 -> 0.053505343
A8: 1.3 | B8: Profesional experto en diversificación curricular (4 talleres * Ecosistema) | C8: 1 | D8: 1 | E8: 3 | F8: 6382022 | G8: =(E8*F8)*D8+1 -> 19146067 | H8: =G8*100%/$G$26 -> 0.017545959
A9: 1.4 | B9: Asesor en permanencia | C9: 1 | D9: 1 | E9: 6.5 | F9: 8982273 | G9: =(E9*F9)*D9 -> 58384774 | H9: =G9*100%/$G$26 -> 0.053505343
A10: 1.5 | B10: Profesional de sistema de seguimiento y monitoreo | C10: 1 | D10: 1 | E10: 6.5 | F10: 6382022 | G10: =((E10*F10)*D10)*C10+3 -> 41483146 | H10: =G10*100%/$G$26 -> 0.038016246
B11: ACOMPAÑAMIENTO A ETC
A12: 1.6 | B12: Coordinador de Ecosistemas | C12: 4 | D12: 1 | E12: 6.5 | F12: 8085311 | G12: =((E12*F12)*D12)*C12 -> 210218086 | H12: =G12*100%/$G$26 -> 0.19264938
A13: 1.7 | B13: Profesional de acompañamiento | C13: 4 | D13: 1 | E13: 6.5 | F13: 4136374 | G13: =((E13*F13)*D13)*C13 -> 107545724 | H13: =G13*100%/$G$26 -> 0.098557729
A14: 1.8 | B14: Coordinador de Ecosistemas | C14: 4 | D14: 1 | E14: 6.5 | F14: 8085311 | G14: =((E14*F14)*D14)*C14 -> 210218086 | H14: =G14*100%/$G$26 -> 0.19264938
A15: 1.9 | B15: Profesional de acompañamiento | C15: 5 | D15: 1 | E15: 6.5 | F15: 4136374 | G15: =((E15*F15)*D15)*C15-8 -> 134432147 | H15: =G15*100%/$G$26 -> 0.12319715
A16: 1.10 | B16: Tutores | C16: 8 | D16: 1 | E16: 4 | F16: 4136371 | G16: =((E16*F16)*D16)*C16 -> 132363872 | H16: =G16*100%/$G$26 -> 0.12130173
A17: SUBTOTAL COSTO DIRECTO | C17: =SUM(C6:C16) -> 30 | F17: =SUM(F6:F16) -> 69509724 | G17: =SUM(G6:G16)+77 -> 1.0384858e+09 | H17: =SUM(H6:H16) -> 0.95169563
A18: 2 | B18: GASTOS DE DESPLAZAMIENTO | C18: CANTIDAD | E18: DIAS | F18: VALOR UNITARIO | G18: VALOR TOTAL | H18: %
B19: ACOMPAÑAMIENTO A ETC
A20: 2.1 | B20: Gastos de desplazamiento tiquetes terrestres -Tiquete ida y regreso - 13 visitas ecosistemas nuevos y 18 creados en 2020 | C20: 31 | D20: N/A | E20: 1 | F20: 84377 | G20: =F20*C20*E20 -> 2615687 | H20: =G20*100%/$G$26 -> 0.0023970843
A21: 2.2 | B21: Gastos de desplazamiento viáticos 1 día - 13 visitas ecosistemas nuevos y 18 creados en 2020 | C21: 31 | D21: N/A | E21: 1 | F21: 304830 | G21: =F21*C21*E21 -> 9449730 | H21: =G21*100%/$G$26 -> 0.0086599811
B22: VISITAS DE VERIFICACIÓN Y GESTIÓN
A23: 2.3 | B23: Gastos de desplazamiento tiquetes terrestres -Tiquete ida y regreso para el gerente Realizar 2 viajes por cada uno de los 4 ecosistemas nuevos) | C23: 8 | D23: N/A | E23: 2.5 | F23: 711271 | G23: =F23*C23*E23*2 -> 28450840 | H23: =G23*100%/$G$26 -> 0.026073098
A24: 2.4 | B24: Gastos de desplazamiento viáticos para el gerente Realizar 2 viajes por cada uno de los 4 ecosistemas nuevos) | C24: 8 | D24: N/A | E24: 2.5 | F24: 304830 | G24: =F24*C24*E24*2 -> 12193200 | H24: =G24*100%/$G$26 -> 0.011174169
A25: SUBTOTAL COSTO DIRECTO | C25: =SUM(C20:C24) -> 78 | G25: =SUM(G20:G24) -> 52709457 | H25: =SUM(H23:H24) -> 0.037247267
A26: 1+2+3 | B26: TOTAL COSTOS DIRECTOS | G26: =G25+G17-39.5 -> 1091195227 | H26: =+H25+H17+1% -> 0.9989429
B27: COSTOS INDIRECTOS DE OPERACIÓN
A28: 4 | B28: Gastos de Administración | C28: Gravamen a los movimientos financieros, costos administrativos y demas en que incurra la universidad para garantizar el cumplimient odel objeto contractual. | G28: =H28*G26 -> 76383666 | H28: 0.07
A29: 5 | B29: Utilidad | G29: =H29*G26 -> 92751594 | H29: 0.085
B30: SUBTOTAL | G30: =+G28+G29 -> 1.6913526e+08
B31: VALOR TOTAL DEL PROYECTO SIN IVA | G31: =+G30+G26 -> 1.2603305e+09 | H31: =H26+H30 -> 0.9989429
A32: 6 | B32: Iva 19% | G32: =+G31*19% -> 2.3946279e+08
B33: SUBTOTAL | G33: =SUM(G32:G32) -> 2.3946279e+08 | H33: =SUM(H32:H32) -> 0
B34: VALOR TOTAL DEL PROYECTO CON IVA | G34: =+G31+G33 -> 1.4997933e+09 | H34: =H31+H33 -> 0.9989429

Sheet CO1.PCCNTR.2580977 CONSEJO NORU
A1: RELACIONE EL NOMBRE DEL PROCESO
A2: OBJETO | C2: Asistir y acompañar técnicamente Entidades Territoriales Certificadas e instituciones educativas focalizadas en la implementación de estrategias educativas rurales para contribuir al cierre de brechas en el acceso la acogida el bienestar y la permanencia de niños niñas y adolescentes en condicio
A4: ITEM | B4: RUBRO | C4: CANTIDAD | D4: % DE DEDICACIÓN | E4: MESES | F4: VALOR MENSUAL Y/O UNITARIO | G4: VALOR TOTAL | H4: %
B5: EXPERTOS CLAVE
A6: 1.1 | B6: Oficial Técnico Educación Bogotá | C6: 1 | D6: 1 | E6: 5 | F6: 7040002 | G6: =(E6*F6)*D6*C6 -> 35200010 | H6: =G6*100%/$G$43 -> 0.020347746
A7: 1.2 | B7: Oficial Técnico Educación occidente | C7: 1 | D7: 1 | E7: 6 | F7: 6868195 | G7: =(E7*F7)*D7*C7 -> 41209170 | H7: =G7*100%/$G$43 -> 0.023821405
A8: 1.3 | B8: Coordinador equipo educacion | C8: 1 | D8: 1 | E8: 6 | F8: 2486488 | G8: =(E8*F8)*D8 -> 14918928 | H8: =G8*100%/$G$43 -> 0.0086240473
A9: 1.4 | B9: Lider equipo | C9: 1 | D9: 1 | E9: 6 | F9: 2188815 | G9: =(E9*F9)*D9 -> 13132890 | H9: =G9*100%/$G$43 -> 0.0075916087
A10: 1.5 | B10: Consultor en planes de gestión del riesgo | C10: 5 | D10: 1 | E10: 6 | F10: 5000000 | G10: =(E10*F10)*D10*C10 -> 150000000 | H10: =G10*100%/$G$43 -> 0.086709118
B11: PERSONAL NO CLAVE
A12: 1.6 | B12: Asistente técnico educación occidente | C12: 3 | D12: 1 | E12: 6 | F12: 4222526 | G12: =((E12*F12)*D12)*C12 -> 76005468 | H12: =G12*100%/$G$43 -> 0.043935781
A13: 1.7 | B13: Asistente técnico educación | C13: 3 | D13: 1 | E13: 6 | F13: 1363997 | G13: =((E13*F13)*D13)*C13 -> 24551946 | H13: =G13*100%/$G$43 -> 0.014192517
A14: 1.8 | B14: Asistente técnico financiero | C14: 2 | D14: 1 | E14: 6 | F14: 3636509 | G14: =((E14*F14)*D14)*C14 -> 43638108 | H14: =G14*100%/$G$43 -> 0.025225479
A15: 1.9 | B15: Asistente técnico logistico | C15: 2 | D15: 1 | E15: 6 | F15: 3975078 | G15: =((E15*F15)*D15)*C15 -> 47700936 | H15: =G15*100%/$G$43 -> 0.027574041
A16: 1.10 | B16: Asistente General | C16: 1 | D16: 1 | E16: 6 | F16: 3802473 | G16: =((E16*F16)*D16)*C16 -> 22814838 | H16: =G16*100%/$G$43 -> 0.013188363
A17: 1.11 | B17: Líder equipo logística | C17: 1 | D17: 1 | E17: 6 | F17: 2299871 | G17: =((E17*F17)*D17)*C17 -> 13799226 | H17: =G17*100%/$G$43 -> 0.0079767915
A18: 1.12 | B18: Liquider equipo finanzas | C18: 1 | D18: 1 | E18: 6 | F18: 2456095 | G18: =((E18*F18)*D18)*C18 -> 14736570 | H18: =G18*100%/$G$43 -> 0.0085186333
A19: 1.13 | B19: Asistente técnico monitoreo y evaluación | C19: 1 | D19: 1 | E19: 6 | F19: 991824 | G19: =((E19*F19)*D19)*C19 -> 5950944 | H19: =G19*100%/$G$43 -> 0.0034400074
A20: 1.14 | B20: Tutores | C20: 36 | D20: 1 | E20: 5 | F20: 2300000 | G20: =((E20*F20)*D20)*C20 -> 414000000 | H20: =G20*100%/$G$43 -> 0.23931717
A21: SUBTOTAL | C21: =SUM(C6:C20) -> 59 | F21: =SUM(F6:F20) -> 48631873 | G21: =SUM(G6:G20)-5 -> 917659029 | H21: =SUM(H6:H20) -> 0.5304627
A22: 2 | B22: IMPLEMENTACIÓN ESTRATEGIA ARANDO LA EDUCACIÓN | C22: UNIDAD DE MEDIDA | D22: UNIDADES | E22: MESES | F22: VALOR UNITARIO | G22: VALOR TOTAL | H22: %
A23: 2.1 | B23: Censo, identificación de población para el acompañamiento a la escolarización | C23: Hogares | D23: 750 | E23: 1 | F23: 20000 | G23: =D23*F23*E23 -> 15000000 | H23: =G23*100%/$G$43 -> 0.0086709118
A24: 2.3 | B24: Estrategia de acceso-Apoyos Educativos | C24: Unidad | D24: 600 | E24: 1 | F24: 45000 | G24: =D24*F24*E24 -> 27000000 | H24: =G24*100%/$G$43 -> 0.015607641
A25: 2.7 | B25: Proceso de formación docente-tutor implementación y transferencia del modelo a docentes- tutores y equipos SE | C25: Docentes | D25: 212 | E25: 5 | F25: 75350 | G25: =D25*F25*E25 -> 79871000 | H25: =G25*100%/$G$43 -> 0.046170293
A26: 2.8 | B26: Encuentro niñas y niños | C26: Encuentros | D26: 22 | E26: 4 | F26: 600000 | G26: =D26*F26*E26 -> 52800000 | H26: =G26*100%/$G$43 -> 0.03052161
A27: 2.9 | B27: Encuentro padres de familia | C27: Encuentros | D27: 180 | E27: 4 | F27: 12000 | G27: =D27*F27*E27 -> 8640000 | H27: =G27*100%/$G$43 -> 0.0049944452
A28: 2.10 | B28: Estrategia de permanencia | C28: Personal | D28: 4 | E28: 1 | F28: 50000 | G28: =D28*F28*E28 -> 200000 | H28: =G28*100%/$G$43 -> 0.00011561216
A29: 2.11 | B29: Estrategia comunicativa | C29: Por institución | D29: 38 | E29: 1 | F29: 2200000 | G29: =D29*F29*E29 -> 83600000 | H29: =G29*100%/$G$43 -> 0.048325882
A30: 2.12 | B30: Iniciativas simbolicas del rescate de la memoria y la reconciliacion apoyadas | C30: Inciciativa | D30: 13 | E30: 1 | F30: 1800000 | G30: =D30*F30*E30 -> 23400000 | H30: =G30*100%/$G$43 -> 0.013526622
A31: 2.13 | B31: Gastos gestion del riesgo y gastos de materiales y refrigerio | C31: Taller | D31: 4 | E31: 11 | F31: 365000 | G31: =D31*F31*E31 -> 16060000 | H31: =G31*100%/$G$43 -> 0.0092836562
A32: SUBTOTAL | G32: =SUM(G23:G31) -> 306571000 | H32: =SUM(H23:H31) -> 0.17721667
A33: 3.1 | B33: Monitoreo del proyecto- Secretarías (base) | C33: Secretaria | D33: 4 | E33: 11 | F33: 360000 | G33: =F33*E33*D33 -> 15840000 | H33: =+G33*100%/$G$43 -> 0.0091564829
A34: 3.2 | B34: Gastos de Viaje y desplazamientos | C34: Personas | D34: 4 | E34: 11 | F34: 360000 | G34: =F34*E34*D34 -> 15840000 | H34: =+G34*100%/$G$43 -> 0.0091564829
A35: SUBTOTAL | G35: =+G33+G34 -> 31680000 | H35: =+H33+H34 -> 0.018312966
A36: 1+2 | B36: TOTAL COSTOS DIRECTOS | G36: =+G21+G32+G35 -> 1255910029 | H36: =H21+H32+H35 -> 0.72599234
A37: 4 | B37: Gastos de Administración | C37: Gravamen a los movimientos financieros, costos administrativos y demas en que incurra la universidad para garantizar el cumplimient odel objeto contractual. | G37: 128730778 | H37: =G37*100%/G36 -> 0.1025
A38: 5 | B38: Utilidad | G38: 69075052 | H38: =G38*100%/G36 -> 0.055
A39: SUBTOTAL COSTOS INDIRECTOS | G39: =+G37+G38 -> 197805830 | H39: =+H37+H38 -> 0.1575
B40: VALOR TOTAL DEL PROYECTO SIN IVA | G40: =+G36+G39 -> 1453715859 | H40: =H36+H39 -> 0.88349234
A41: 6 | B41: Iva 19% | G41: =+G40*19% -> 2.7620601e+08 | H41: =G41*100%/$G$43 -> 0.15966387
B42: SUBTOTAL | G42: =SUM(G41:G41) -> 2.7620601e+08 | H42: =SUM(H41:H41) -> 0.15966387
B43: VALOR TOTAL DEL PROYECTO CON IVA | G43: =+G36+G39+G42 -> 1.7299219e+09 | H43: =H40+H42-5% -> 0.99315621

Sheet CO1.PCCNTR.2559557 Caldas 2021
A1: RELACIONE EL NOMBRE DEL PROCESO
A2: OBJETO | C2: Consultoría para la validación ajuste socialización y fortalecimiento de capacidades para la implementación de los lineamientos y los recursos pedagógicos de la educación inicial básica y media para las ruralidades
A4: ITEM | B4: RUBRO | C4: CANTIDAD | D4: % DE DEDICACIÓN | E4: MESES | F4: VALOR MENSUAL Y/O UNITARIO | G4: VALOR TOTAL | H4: %
A5: 1 | B5: TALENTO HUMANO MINIMO REQUERIDO
A6: 1.1. | B6: Coordinador General | C6: 1 | D6: 1 | E6: 6.5 | F6: 8000000 | G6: =(E6*F6)*D6 -> 52000000 | H6: =G6*100%/$G$50 -> 0.030412928
A7: 1.2. | B7: Coordinador Administrativo | C7: 1 | D7: 1 | E7: 6.5 | F7: 6000000 | G7: =(E7*F7)*D7 -> 39000000 | H7: =G7*100%/$G$50 -> 0.022809696
A8: 1.3. | B8: Experto asesor Educación Superior | C8: 1 | D8: 0.5 | E8: 6 | F8: 6000000 | G8: =(E8*F8)*D8 -> 18000000 | H8: =G8*100%/$G$50 -> 0.010527552
A9: 1.4. | B9: Profesional | C9: 1 | D9: 0.5 | E9: 6 | F9: 5500000 | G9: =(E9*F9)*D9 -> 16500000 | H9: =G9*100%/$G$50 -> 0.009650256
A10: 1.5. | B10: Profesional | C10: 1 | D10: 0.5 | E10: 5 | F10: 5500000 | G10: =(E10*F10)*D10 -> 13750000 | H10: =G10*100%/$G$50 -> 0.00804188
A11: 1.6. | B11: Profesional | C11: 3 | D11: 1 | E11: 6 | F11: 5000000 | G11: =((E11*F11)*D11)*C11 -> 90000000 | H11: =G11*100%/$G$50 -> 0.05263776
A12: 1.7. | B12: Profesional | C12: 3 | D12: 1 | E12: 6.5 | F12: 6500000 | G12: =((E12*F12)*D12)*C12 -> 126750000 | H12: =G12*100%/$G$50 -> 0.074131512
A13: 1.8. | B13: Profesional | C13: 3 | D13: 1 | E13: 6.5 | F13: 6500000 | G13: =((E13*F13)*D13)*C13 -> 126750000 | H13: =G13*100%/$G$50 -> 0.074131512
A14: 1.9. | B14: Profesional | C14: 1 | D14: 1 | E14: 6 | F14: 5500000 | G14: =(E14*F14)*D14 -> 33000000 | H14: =G14*100%/$G$50 -> 0.019300512
A15: 1.10. | B15: Profesional | C15: 1 | D15: 1 | E15: 6 | F15: 5500000 | G15: =(E15*F15)*D15 -> 33000000 | H15: =G15*100%/$G$50 -> 0.019300512
A16: 1.11. | B16: Profesional | C16: 1 | D16: 1 | E16: 6 | F16: 5500000 | G16: =(E16*F16)*D16 -> 33000000 | H16: =G16*100%/$G$50 -> 0.019300512
A17: 1.12. | B17: Profesional | C17: 1 | D17: 1 | E17: 6 | F17: 5500000 | G17: =(E17*F17)*D17 -> 33000000 | H17: =G17*100%/$G$50 -> 0.019300512
A18: 1.13. | B18: Profesional | C18: 1 | D18: 1 | E18: 6 | F18: 5500000 | G18: =(E18*F18)*D18 -> 33000000 | H18: =G18*100%/$G$50 -> 0.019300512
A19: 1.14. | B19: Profesional | C19: 1 | D19: 1 | E19: 6 | F19: 5500000 | G19: =(E19*F19)*D19 -> 33000000 | H19: =G19*100%/$G$50 -> 0.019300512
A20: 1.15. | B20: Profesional | C20: 1 | D20: 1 | E20: 6 | F20: 5500000 | G20: =(E20*F20)*D20 -> 33000000 | H20: =G20*100%/$G$50 -> 0.019300512
A21: 1.16. | B21: Profesional | C21: 1 | D21: 1 | E21: 6 | F21: 5500000 | G21: =(E21*F21)*D21 -> 33000000 | H21: =G21*100%/$G$50 -> 0.019300512
A22: 1.17 | B22: Profesional | C22: 1 | D22: 1 | E22: 6 | F22: 4000000 | G22: =(E22*F22)*D22 -> 24000000 | H22: =G22*100%/$G$50 -> 0.014036736
A23: SUBTOTAL | C23: =SUM(C6:C22) -> 23 | F23: =SUM(F6:F22) -> 97000000 | G23: =SUM(G6:G22) -> 770750000 | H23: =SUM(H6:H22) -> 0.45078393
A24: 2. VALIDACIÓN DE CONTENIDOS | C24: CANTIDAD | E24: MESES | F24: VALOR UNITARIO | G24: VALOR TOTAL | H24: %
A25: 2.1 | B25: Plataforma Tecnológica | C25: 1 | D25: N/A | E25: 6 | F25: 4572450 | G25: =+E25*F25*C25 -> 27434700 | H25: =G25*100%/$G$50 -> 0.016045568
A26: 2.2 | B26: Revisión y validación con expertos internacionales | C26: 3 | D26: N/A | E26: 1 | F26: 25000000 | G26: =(E26*F26)*C26 -> 75000000 | H26: =G26*100%/$G$50 -> 0.0438648
A27: 2.3 | B27: Validación con pares | C27: 5 | D27: N/A | E27: 1 | F27: 30000000 | G27: =(E27*F27)*C27 -> 150000000 | H27: =G27*100%/$G$50 -> 0.0877296
A28: 2.4 | B28: Validación con usuarios | C28: 10 | D28: N/A | E28: 1 | F28: 5000000 | G28: =(E28*F28)*C28 -> 50000000 | H28: =G28*100%/$G$50 -> 0.0292432
A29: SUBTOTAL | G29: =SUM(G25:G28) -> 302434700 | H29: =SUM(H25:H28) -> 0.17688317
A30: 3. SOCIALIZACIÓN Y FORTALECIMIENTO | B30: SOCIALIZACION Y FORTALECIMIENTO | C30: CANTIDAD | F30: VALOR UNITARIO | G30: VALOR TOTAL | H30: %
A31: 3.1 | B31: Recursos pedagógicos educación inicial | C31: 2000 | D31: N/A | E31: N/A | F31: 8000 | G31: =C31*F31 -> 16000000 | H31: =G31*100%/$G$50 -> 0.009357824
A32: 3.2 | B32: Recursos pedagógicos educación básica | C32: 6750 | D32: N/A | E32: N/A | F32: 5500 | G32: =C32*F32 -> 37125000 | H32: =G32*100%/$G$50 -> 0.021713076
A33: 3.3 | B33: Recursos pedagógicos educación media | C33: 2500 | D33: N/A | E33: N/A | F33: 5500 | G33: =C33*F33 -> 13750000 | H33: =G33*100%/$G$50 -> 0.00804188
A34: 3.4 | B34: Recursos complementarios y orientaciones | C34: 3000 | D34: N/A | E34: N/A | F34: 4200 | G34: =C34*F34 -> 12600000 | H34: =G34*100%/$G$50 -> 0.0073692864
A35: 3.5 | B35: Jornadas de divulgación y apropiación con actores de orden nacional | C35: 5 | D35: N/A | E35: N/A | F35: 6000000 | G35: =C35*F35 -> 30000000 | H35: =G35*100%/$G$50 -> 0.01754592
A36: 3.6 | B36: Jornadas de divulgación y apropiación con actores territoriales | C36: 27 | D36: N/A | E36: N/A | F36: 6000000 | G36: =C36*F36 -> 162000000 | H36: =G36*100%/$G$50 -> 0.094747968
A37: SUBTOTAL | G37: =SUM(G31:G36) -> 271475000 | H37: =SUM(H31:H36) -> 0.15877595
A38: 4. GASTOS DE DESPLAZAMIENTO | B38: GASTOS DE DESPLAZAMIENTO | C38: CANTIDAD | F38: VALOR UNITARIO | G38: VALOR TOTAL | H38: %
A39: 4.1 | B39: Tiquetes | C39: 74 | D39: N/A | E39: N/A | F39: 700000 | G39: =C39*F39 -> 51800000 | H39: =G39*100%/$G$50 -> 0.030295955
A40: 4.2 | B40: Gastos de desplazamiento | C40: 205 | D40: N/A | E40: N/A | F40: 300000 | G40: =C40*F40 -> 61500000 | H40: =G40*100%/$G$50 -> 0.035969136
A41: 4.3 | B41: Desplazamiento terrestre | C41: 105 | D41: N/A | E41: N/A | F41: 84377 | G41: =C41*F41 -> 8859585 | H41: =G41*100%/$G$50 -> 0.0051816523
A42: SUBTOTAL | G42: =SUM(G39:G41) -> 122159585 | H42: =G42*100%/$G$50 -> 0.071446743
A43: 5. GESTIÓN EDITORIAL | F43: VALOR UNITARIO | G43: VALOR TOTAL | H43: %
A44: 5.1 | B44: Revisión, diagramación, armado | C44: 80 | D44: N/A | E44: N/A | F44: 900000 | G44: =F44*C44 -> 72000000 | H44: =G44*100%/$G$50 -> 0.042110208
A45: SUBTOTAL | G45: =+G44 -> 72000000 | H45: =G45*100%/$G$50 -> 0.042110208
A46: 1+2+3+4+5 | B46: TOTAL COSTOS DIRECTOS | G46: =+G45+G42+G37+G29+G23 -> 1538819285 | H46: =+H45+H42+H37+H29+H23 -> 0.9
B47: COSTOS INDIRECTOS DE OPERACIÓN
A48: 3.1 | B48: Gastos de Administración | C48: Gravamen a los movimientos financieros, costos administrativos y demas en que incurra la universidad para garantizar el cumplimient odel objeto contractual. | G48: =+G46*0.1/0.9 -> 1.7097992e+08 | H48: 0.1
B49: SUBTOTAL | G49: =G48 -> 1.7097992e+08 | H49: 0.1
B50: VALOR TOTAL DEL PROYECTO | G50: =+G49+G46 -> 1.7097992e+09 | H50: =H46+H49 -> 1

Sheet CO1.PCCNTR.1839020 Salle 2020
A1: RELACIONE EL NOMBRE DEL PROCESO
A2: OBJETO | C2: Consultoría para el desarrollo de planes de formación complementaria en las escuelas normales superiores actualizados para estrategias educativas rurales
A4: ITEM | B4: RUBRO | C4: DESCRIPCIÓN | D4: CANTIDAD | E4: % DE DEDICACIÓN | F4: MESES | G4: VALOR MENSUAL Y/O UNITARIO | H4: VALOR TOTAL | I4: %
A5: 1 | B5: TALENTO HUMANO MINIMO REQUERIDO
A6: 1.1 | B6: Coordinador | C6: Conforme a la necesidad para el desarrollo del proceso el talento humano minimo requerido permitida garantizar el desarrollo de las actividades conforme a los perfiles y especificaciones de experiencia que se ha considera pertinente de quienes se describen las funciones en el anexo técnico en el numeral 13. | D6: 1 | E6: 1 | F6: 5 | G6: 8000000 | H6: =D6*E6*F6*G6 -> 40000000 | I6: =H6*100%/$H$28 -> 0.020093018
A7: 1.2 | B7: Expertos en educación rural y liderazgo educativo | D7: 2 | E7: 1 | F7: 5 | G7: 7000000 | H7: =D7*E7*F7*G7 -> 70000000 | I7: =H7*100%/$H$28 -> 0.035162782
A8: 1.3 | B8: Expertos en los temas énfasis | D8: 3 | E8: 0.5 | F8: 5 | G8: 8000000 | H8: =D8*E8*F8*G8 -> 60000000 | I8: =H8*100%/$H$28 -> 0.030139528
A9: 1.4 | B9: Expertos pedagogos y didácticos (Facilitadores) | D9: 43 | E9: 1 | F9: 5 | G9: 5500000 | H9: =D9*E9*F9*G9 -> 1182500000 | I9: =H9*100%/$H$28 -> 0.59399986
A10: 1.5 | B10: Profesional Administrativo | D10: 1 | E10: 1 | F10: 5 | G10: 4000000 | H10: =D10*E10*F10*G10 -> 20000000 | I10: =H10*100%/$H$28 -> 0.010046509
A11: 1.6 | B11: Asistente Administrativo | D11: 1 | E11: 1 | F11: 5 | G11: 2500000 | H11: =D11*E11*F11*G11 -> 12500000 | I11: =H11*100%/$H$28 -> 0.0062790683
A12: 1.7 | B12: Profesional de sistematización | D12: 4 | E12: 1 | F12: 5 | G12: 6000000 | H12: =D12*E12*F12*G12 -> 120000000 | I12: =H12*100%/$H$28 -> 0.060279055
A13: 1.8 | B13: Desarrollador | D13: 1 | E13: 1 | F13: 5 | G13: 6000000 | H13: =D13*E13*F13*G13 -> 30000000 | I13: =H13*100%/$H$28 -> 0.015069764
A14: 1.9 | B14: Asesoría tecno-pedagógica, seguimiento y apoyo académico | D14: 2 | E14: 1 | F14: 5 | G14: 4000000 | H14: =D14*E14*F14*G14 -> 40000000 | I14: =H14*100%/$H$28 -> 0.020093018
A15: 1.10 | B15: Ingenieros (Red de Alta Calidad) | D15: 2 | E15: 1 | F15: 5 | G15: 4000000 | H15: =D15*E15*F15*G15 -> 40000000 | I15: =H15*100%/$H$28 -> 0.020093018
A16: 1.11 | B16: Diseñador instruccional | D16: 2 | E16: 1 | F16: 5 | G16: 4000000 | H16: =D16*E16*F16*G16 -> 40000000 | I16: =H16*100%/$H$28 -> 0.020093018
A17: SUBTOTAL | G17: =SUM(G6:G16) -> 59000000 | H17: =SUM(H6:H16) -> 1655000000 | I17: =SUM(I6:I16) -> 0.83134864
A18: 2 | B18: PLATAFORMA TECNOLOGICA | C18: DESCRIPCIÓN | D18: CANTIDAD | F18: MESES | G18: VALOR MENSUAL | H18: VALOR TOTAL
A19: 2.1 | B19: Plataforma Tecnologica de Gesión del Aprendizaje | C19: El contratista deberá garantizar la implementación de la plataforma a través de la cual se realizará el acompañamiento a las Escuelas Normales Superiores, la misma deberá contar con la capacidad para la participación de la totalidad de las ENS con sus equipos de trabajo, además, desde allí se deberán llevar a cabo todas aquellas acciones que se requieran para el correcto desarrollo de la Fase 1 de la estrategia de acompañamiento a ENS. Asimismo, se deberá garantizar el adecuado funcionamiento y soporte técnico de la plataforma.* | D19: 1 | F19: 5 | G19: 4530800 | H19: =+D19*F19*G19 -> 22654000 | I19: =H19*100%/$H$28 -> 0.011379681
A20: 2.2 | B20: Licencia Uso de Plataforma | C20: Uso de plataforma por estudiante | D20: 1700 | F20: 1 | G20: =12000 -> 12000 | H20: =+D20*F20*G20 -> 20400000 | I20: =H20*100%/$H$28 -> 0.010247439
A21: 2.3 | B21: Paquetes de Datos | C21: Paquetes de datos para instituciones sin internet | D21: =45*10 -> 450 | F21: 5 | G21: 40000 | H21: =+D21*F21*G21 -> 90000000 | I21: =H21*100%/$H$28 -> 0.045209292
A22: 2.4 | B22: USB | C22: Para entrega de información a ENS sin conectividad | D22: =1700*15% -> 255 | F22: 1 | G22: 14169 | H22: =+D22*F22*G22 -> 3613095 | I22: =H22*100%/$H$28 -> 0.0018149496
A23: SUBTOTAL | G23: 0 | H23: =SUM(H19:H22) -> 136667095 | I23: =SUM(I19:I22) -> 0.068651362
A24: 1+2 | B24: TOTAL COSTOS DIRECTOS DE OPERACIÓN | H24: =H17+H23 -> 1791667095 | I24: =H24/H28*100% -> 0.9
B25: COSTOS INDIRECTOS DE OPERACIÓN
A26: 3.1 | B26: Gastos de Administración * | G26: 0.11 | H26: =+H24*0.1/0.9 -> 1.9907412e+08 | I26: =H26/H28*100% -> 0.1
B27: SUBTOTAL | H27: =H26 -> 1.9907412e+08
B28: VALOR TOTAL DEL PROYECTO | H28: =H24+H27 -> 1.9907412e+09 | I28: =I24+I26 -> 1
A29: *Para cotizar es se tuvo en cuenta un % de instituciones sin plan de datos y que se deben adquirir (30%) y un porcentaje de instituciones sin conectividad (10%) de las instituciones por lo que se debe pensar en envío de material.

Sheet CO1.PCCNTR.2386594 
A3: ITEM | B3: RUBRO | C3: DESCRIPCIÓN | D3: CANTIDAD | E3: % DE DEDICACIÓN | F3: MESES | G3: VALOR MENSUAL Y/O UNITARIO APORTE MEN | H3: VALOR APORTE MEN TOTAL | I3: VALOR CONTRA PARTIDA | J3: VALOR TOTAL
A4: 1 | B4: TALENTO HUMANO MINIMO REQUERIDO
A5: 1.1 | B5: Coordinación general | C5: LíDERES INDÏGENAS SABEDORESY PROFESIONALES AVALADOS POR LAS AUTORIDADES PROPIAS | D5: 1 | E5: 1 | F5: 8 | G5: 4500000 | H5: =D5*E5*F5*G5 -> 36000000 | I5: 0 | J5: =I5+H5 -> 36000000
A6: 1.2 | B6: Asesores pedagógicos | D6: 2 | E6: 1 | F6: 8 | G6: 3500000 | H6: =D6*E6*F6*G6 -> 56000000 | I6: 0 | J6: =I6+H6 -> 56000000
A7: 1.3 | B7: Profesional en educación fisica ,formación lúdica o áreas afines a la recreación. | D7: 1 | E7: 1 | F7: 5 | G7: 3500000 | H7: =D7*E7*F7*G7 -> 17500000 | I7: 0 | J7: =I7+H7 -> 17500000
A8: 1.4 | B8: Profesional con formación pedagógica para niños y primera infancia. | D8: 1 | E8: 1 | F8: 5 | G8: 3500000 | H8: =D8*E8*F8*G8 -> 17500000 | I8: 0 | J8: =I8+H8 -> 17500000
A9: 1.5 | B9: Pedagógos de Educación Propia | D9: 2 | E9: 1 | F9: 3 | G9: 3000000 | H9: =D9*E9*F9*G9 -> 18000000 | I9: 0 | J9: =I9+H9 -> 18000000
A10: 1.6 | B10: Sabedores | D10: 2 | E10: 1 | F10: 3 | G10: 2500000 | H10: =D10*E10*F10*G10 -> 15000000 | I10: 0 | J10: =I10+H10 -> 15000000
B11: Sabedor (hablante) | D11: 3 | E11: 1 | F11: 5 | G11: 3500000 | H11: =D11*E11*F11*G11 -> 52500000 | I11: 0 | J11: =I11+H11 -> 52500000
A12: 1.7 | B12: Dinamizadores Regionales de Educación Propia | D12: 24 | E12: 1 | F12: 5 | G12: 2500000 | H12: =D12*E12*F12*G12 -> 300000000 | I12: 0 | J12: =I12+H12 -> 300000000
A13: 1.8 | B13: Sistematizador | D13: 3 | E13: 1 | F13: 8 | G13: 2500000 | H13: =D13*E13*F13*G13 -> 60000000 | I13: 0 | J13: =I13+H13 -> 60000000
D14: 1 | E14: 1 | F14: 5 | G14: 2500000 | H14: =D14*E14*F14*G14 -> 12500000 | I14: 0 | J14: =I14+H14 -> 12500000
A15: 1.9 | B15: Apoyos Territoriales de Educación Propia | D15: 3 | E15: 1 | F15: 8 | G15: 2500000 | H15: =D15*E15*F15*G15 -> 60000000 | I15: 0 | J15: =I15+H15 -> 60000000
A16: 1.1 | B16: Apoyo financiero | D16: 1 | E16: 1 | F16: 8 | G16: 2000000 | H16: =D16*E16*F16*G16 -> 16000000 | I16: 0 | J16: =I16+H16 -> 16000000
A17: SUBTOTAL | D17: =SUM(D5:D16) -> 44 | G17: =SUM(G5:G16) -> 36000000 | H17: =SUM(H5:H16) -> 661000000 | J17: =SUM(J5:J16) -> 661000000
A18: OTROS COSTOS ASOCIADOS A LA OPERACIÓN
A19: 2 | C19: DESCRIPCIÓN | D19: CANTIDAD
A20: 2.1 | B20: Dotación, corresponde a línea 1 del proyecto "Estrategia Escuela de Sabedores" Dotación de la Escuela Regional (PEC) y Territorial bienes y elementos de apoyo al ejercicio pedagógico | C20: Tableros acrilicos de 120 x 180 | D20: 20 | E20: N/A | G20: 200000 | H20: =G20*D20 -> 4000000 | I20: 0 | J20: =I20+H20 -> 4000000
C21: Mesas de trabajo plegables para la comunidad a formar (medidas promedio 183 x 76) | D21: 54 | E21: N/A | G21: =+((157000+199900+219900)/3) -> 192266.67 | H21: =G21*D21 -> 10382400 | I21: 0 | J21: =I21+H21 -> 10382400
C22: Sillas Plasticas | D22: 200 | E22: N/A | G22: =+((34900+49900+29900)/3) -> 38233.333 | H22: =G22*D22 -> 7646666.7 | I22: 0 | J22: =I22+H22 -> 7646666.7
C23: 4. Kit Materiales para elaborar tejidos(incluye 1 libra de chakiras chekas de colores surtidos, hilo poliamida , 2 paños de agujas, tablas de tejer) | D23: 140 | E23: N/A | G23: 102000 | H23: =G23*D23 -> 14280000 | I23: 0 | J23: =I23+H23 -> 14280000
C24: Bases para realización de collare y manillas | D24: 140 | E24: N/A | G24: 15000 | H24: =G24*D24 -> 2100000 | I24: 0 | J24: =I24+H24 -> 2100000
C25: Semillas de diferentes variedades (especies nativas, verduras, aromatizantes) | D25: 2000 | E25: N/A | G25: 2000 | H25: =G25*D25 -> 4000000 | I25: 0 | J25: =I25+H25 -> 4000000
C26: Kit x 6 bandejas de germinación x 200 cabidades | D26: 6 | E26: N/A | G26: 59900 | H26: =G26*D26 -> 359400 | I26: 0 | J26: =I26+H26 -> 359400
C27: Regaderas de jardín por 8 litros. | D27: 10 | E27: N/A | G27: 24900 | H27: =G27*D27 -> 249000 | I27: 0 | J27: =I27+H27 -> 249000
C28: Paquete de bolsas para semillas x 50 unidades | D28: 50 | E28: N/A | G28: 5000 | H28: =G28*D28 -> 250000 | I28: 0 | J28: =I28+H28 -> 250000
C29: Pala redonda con cabo | D29: 3 | E29: N/A | G29: 37000 | H29: =G29*D29 -> 111000 | I29: 0 | J29: =I29+H29 -> 111000
C30: Llamador madera vaciada (Instrumento musical propio) | D30: 7 | E30: N/A | G30: 165000 | H30: =G30*D30 -> 1155000 | I30: 0 | J30: =I30+H30 -> 1155000
C31: Zampoña (Instrumento musical propio) | D31: 7 | E31: N/A | G31: 85000 | H31: =G31*D31 -> 595000 | I31: 0 | J31: =I31+H31 -> 595000
C32: Flauta trasversales (Instrumento musical propio) | D32: 7 | E32: N/A | G32: 620000 | H32: =G32*D32 -> 4340000 | I32: 0 | J32: =I32+H32 -> 4340000
C33: Flauta de bambú | D33: 7 | E33: N/A | G33: 30000 | H33: =G33*D33 -> 210000 | I33: 0 | J33: =I33+H33 -> 210000
C34: Carrasca en madera (Instrumento musical propio) | D34: 7 | E34: N/A | G34: 18000 | H34: =G34*D34 -> 126000 | I34: 0 | J34: =I34+H34 -> 126000
... C48: Polisombra por metros | D48: 60 | E48: N/A | G48: 7800 | H48: =G48*D48 -> 468000 | I48: 0 | J48: =I48+H48 -> 468000
C49: Video Beam se relacionan en la parte inferior las caracteristicas | D49: 10 | E49: N/A | G49: =(3959000+2879900+2889900)/3 -> 3242933.3 | H49: =G49*D49 -> 32429333 | I49: 0 | J49: =I49+H49 -> 32429333
C50: Computador portátil se relacionan en la parte inferior las caracteristicas | D50: 10 | E50: N/A | G50: =(3699900+2748959)/2 -> 3224429.5 | H50: =G50*D50 -> 32244295 | I50: 0 | J50: =I50+H50 -> 32244295
C51: Telon pantalla proyección portátil de 80 Pantalla de proyección 16:9 | D51: 10 | E51: N/A | G51: =(577000+360000+392900)/3 -> 443300 | H51: =G51*D51 -> 4433000 | I51: 0 | J51: =I51+H51 -> 4433000
C52: MODULOS PARA LAS ESCUELAS | D52: 9 | E52: N/A | G52: 0 | H52: =G52*D52 -> 0 | I52: #REF! | J52: =I52+H52 -> #REF!
A53: 2.2 | B53: Productos | C53: Documentos impresos del convenio ( 270 documentos de 80 a 100 pag Aprox) a color . | D53: 270 | E53: N/A | G53: 90000 | H53: =D53*G53 -> 24300000 | I53: 0 | J53: =I53+H53 -> 24300000
A54: 2.3 | B54: Productos | C54: Cajas (baúles jaibanas) elaboradas, contiene juegos lúdicos propios 60 unidades por caja | D54: 34 | E54: N/A | G54: 7000000 | H54: =G54*D54 -> 238000000 | I54: 0 | J54: =I54+H54 -> 238000000
A55: 2.4 | B55: Productos | C55: Presentacion de 8 videos full hd tipo documental de 30 minutos,uno por escuela, de las escuelas de: guardia indigena, arte y cultura, gobierno propio y justicia, economias propias y soberania alimentaria, medio ambiente, hombre y naturaleza, medicina tradicional y oralidad y lengua | D55: 8 | E55: N/A | G55: 9303125 | H55: =G55*D55 -> 74425000 | I55: 0 | J55: =I55+H55 -> 74425000
A56: 2.5 | B56: Actividades | C56: Mingas presenciales del pensamiento con el fin de fortalecer el proceso de escuela propia a través de la formación de líderes y/o sabedores | D56: 12 | E56: N/A | G56: 3240000 | H56: =G56*D56 -> 38880000 | I56: 0 | J56: =I56+H56 -> 38880000
A57: 2.6 | C57: Talleres presenciales con comunidad educativa ( en lengua castellana y en lengua Emberá Bedea) | D57: 320 | E57: N/A | G57: 1375000 | H57: =G57*D57 -> 440000000 | I57: #REF! | J57: =I57+H57 -> #REF!
A58: 2.7 | C58: Mingas presenciales de experiencias pedagogicas finales | D58: 8 | E58: N/A | G58: 7100000 | H58: =G58*D58 -> 56800000 | I58: 0 | J58: =I58+H58 -> 56800000
A59: 2.8 | C59: Encuentro presencial regional de alistamiento de los avances del SEIP a nivel nacional. | D59: 1 | E59: N/A | G59: 1050000 | H59: =G59*D59 -> 1050000 | I59: 0 | J59: =I59+H59 -> 1050000
A60: 2.9 | C60: Tulpas presenciales (Encuentro propio del pueblo Embera Chami) de socialización y reflexión sobre la construcción de la ruta de apropiación del SEIP (2 dias para 50 personas con alimentación, transporte y actividades culturales) | D60: 5 | E60: N/A | G60: 9200000 | H60: =G60*D60 -> 46000000 | I60: 0 | J60: =I60+H60 -> 46000000
A61: 2,10 | C61: Encuentros presenciales con comunidad educativa de los cabildos indígenas de Caldas para realizar la investigación de los juegos lúdicos | D61: 60 | E61: N/A | G61: 1375000 | H61: =G61*D61 -> 82500000 | I61: 0 | J61: =I61+H61 -> 82500000
A62: 2.11 | B62: Diseño de programa | C62: Actualización y ampliación de contenido de la herramienta pedagógica digital. (APP) | D62: 1 | E62: N/A | G62: 178000000 | H62: =G62*D62 -> 178000000 | I62: 0 | J62: =I62+H62 -> 178000000
A63: 3 | B63: OTROS COSTOS ASOCIADOS A LA OPERACIÓN | D63: CANTIDAD | G63: VALORES UNITARIOS | H63: =SUM(H20:H62) -> 1317059220 | I63: =SUM(I20:I62) -> #REF! | J63: =SUM(J20:J62) -> #REF!
A64: 3.1 | B64: Elementos de identificación del equipo vinculado para el desarrollo del proyecto | C64: Se requiere contar con elementos que permitan distinguir el equipo que representa al Cridec en territorio, ante las autoridades y la comunidad en general, esto comprende camisetas, gorras, pañoletas, morrales para el manejo y translado de elelmtos de trabajo. El valor de referencia corresponde a cotizaciones realizadas de las cuales se toma el menor valor para proyectar las cantidades requeridas. Se incluyen 3 kit para autoridades que apoyan el desarrollo del proceso y 42 del equipo para un total de 45. | D64: 45 | E64: N/A | G64: =50000+30000+35000+134385 -> 249385 | H64: =G64*D64 -> 11222325 | I64: 0 | J64: =I64+H64 -> 11222325
A65: 3.2 | B65: Pendones | C65: Se requieren pendones para cada una de las escuelas es decir 8 en total que estan cubiertas por el proceso y estos hacen parte de los soportes para visibilizar el proceso conjunto. | D65: 8 | E65: N/A | G65: =200000 -> 200000 | H65: =G65*D65 -> 1600000 | I65: 0 | J65: =I65+H65 -> 1600000
A66: 3.3 | B66: Papeleria | C66: Materiales para encuentros y actividades | D66: Bolsa de recursos | E66: N/A | G66: =29441000 -> 29441000 | H66: =+G66 -> 29441000 | I66: 0 | J66: =I66+H66 -> 29441000
A67: 3.4 | B67: Covid 19 - Bioseguridad | C67: Alcohol , tapabocas, pediluvio, hipoclorito, guantes de nitrilo, jabón en polvo, aspersores, atomizadores, pistolas para toma de temperatura. | D67: Bolsa de recursos | E67: N/A | G67: 25132000 | H67: =+G67 -> 25132000 | I67: 0 | J67: =I67+H67 -> 25132000
A68: 3.5 | B68: DIAGRAMACION DOCUMENTOS, REDACCIÓN DE ESTILO | C68: DIAGRAMACION DOCUMENTOS, REDACCIÓN DE ESTILO | D68: Bolsa de recursos | E68: N/A | G68: 0 | H68: =+G68 -> 0 | I68: #REF! | J68: =I68+H68 -> #REF!
A69: SUBTOTAL | H69: =SUM(H64:H68) -> 67395325 | I69: =SUM(I64:I68) -> #REF! | J69: =SUM(J64:J68) -> #REF!
B70: TOTAL COSTOS DIRECTOS + INDIRECTOS | H70: =H17+H63+H69 -> 2045454545 | I70: =I17+I63+I69 -> #REF! | J70: =J17+J63+J69 -> #REF!
B71: COSTOS INDIRECTOS DE OPERACIÓN
A72: 3 | B72: Administración
A73: 3.1 | B73: Gastos de Administración | C73: ACUERDOS MINGA | G73: 0.1 | H73: =H70*G73 -> 2.0454545e+08 | I73: 0 | J73: =I73+H73 -> 2.0454545e+08
B74: VALOR TOTAL DEL PROYECTO | H74: =H70+H73 -> 2.25e+09 | I74: =I70+I73 -> #REF! | J74: =J70+J73 -> #REF!

Sheet CO1.PCCNTR.3787396 2020
A1: RELACIONE EL NOMBRE DEL PROCESO
A2: OBJETO
A5: ITEM | B5: RUBRO | C5: DESCRIPCIÓN | D5: CANTIDAD | E5: % DE DEDICACIÓN | F5: MESES | G5: VALOR MENSUAL Y/O UNITARIO | H5: VALOR TOTAL
A6: 1 | B6: TALENTO HUMANO MINIMO REQUERIDO
A7: 1.1 | B7: #REF! | C7: LIDERES INDIGENAS SABEDORESY PROFESIONALES AVALADOS POR LAS AUTORIDADES PROPIAS | D7: #REF! | E7: #REF! | F7: #REF! | G7: #REF! | H7: =D7*E7*F7*G7 -> #REF!
A8: 1.2 | B8: #REF! | D8: #REF! | E8: #REF! | F8: #REF! | G8: #REF! | H8: =D8*E8*F8*G8 -> #REF!
A9: 1.3 | B9: #REF! | D9: #REF! | E9: #REF! | F9: #REF! | G9: #REF! | H9: =D9*E9*F9*G9 -> #REF!
A10: 1.4 | B10: #REF! | D10: #REF! | E10: #REF! | F10: #REF! | G10: 2500000 | H10: =D10*E10*F10*G10 -> #REF!
A11: 1.5 | B11: #REF! | D11: #REF! | E11: #REF! | F11: #REF! | G11: #REF! | H11: =D11*E11*F11*G11 -> #REF!
A12: 1.6 | B12: indigena pedagogo con experienciaen procesos propios del pueblo embera de caldas | D12: #REF! | E12: 1 | F12: 2 | G12: 4000000 | H12: =D12*E12*F12*G12 -> #REF!
A13: 1.7 | B13: sabedor indigna hablente de la lengua nativa embera bedea | D13: 1 | E13: 1 | F13: 3 | G13: 2500000 | H13: =G13*F13*D13 -> 7500000
A14: 1.8 | B14: indigena ingeniero o tecnico en sistemas o programacion | D14: #REF! | E14: 1 | F14: 2 | G14: 2500000 | H14: =D14*E14*F14*G14 -> #REF!
A15: OTROS COSTOS ASOCIADOS A LA OPERACIÓN | G15: =SUM(G7:G14) -> #REF! | H15: =SUM(H7:H14) -> #REF!
A16: 2 | B16: ESTRA | C16: DESCRIPCIÓN | D16: relacione las variables para el calculo como esta en la parte superior o según aplique
A17: 2.1 | B17: DOTACION | C17: GORRAS (55), CHALECOS (55) , | D17: 55 | E17: - | F17: - | G17: =30000+60000 -> 90000 | H17: =+D17*G17 -> 4950000
B18: DOTACION | C18: PENDONES (7) | D18: 7 | E18: - | F18: - | G18: 120000 | H18: =+D18*G18 -> 840000
A19: 2.2 | B19: ACTIVIDADES | C19: ENCUENTROS PRESENCIALES Y VISITAS | D19: 242 | E19: - | F19: - | G19: 790599.17 | H19: =+G19*D19 -> 191325000
A20: 2.3 | B20: PRODUCTOS | C20: DOCUMENTOS IMPRESOS | D20: 7 | E20: - | F20: - | G20: 2314285.7 | H20: =+G20*D20 -> 16200000
B21: PRODUCTOS | C21: FORMATOS BANNER | D21: 31 | E21: - | F21: - | G21: 220000 | H21: =+G21*D21 -> 6820000
B22: PRODUCTOS | C22: VIDEO | D22: 1 | E22: - | F22: - | G22: 7000000 | H22: =+G22*D22 -> 7000000
B23: PRODUCTOS | C23: DOCUMENTO PARA DOCENTE (CD) | D23: 50 | E23: - | F23: - | G23: 5000 | H23: =+G23*D23 -> 250000
B24: PRODUCTOS | C24: APLICATIVO TABLET | D24: 1 | E24: - | F24: - | G24: 59950000 | H24: =+G24*D24 -> 59950000
A25: 2.4 | B25: PAPELERIA | C25: KIT CUADERNOS, Y MATERIALES PARA ENCUENTROS | D25: BOLSA | E25: - | F25: - | G25: 15474750 | H25: 15474750
A26: 2.5 | B26: COVID | C26: ALCOHOL GLICERIDADO, ALCOHOL LIQUIDO, TAPABOCAS, PEDILUVIOS, HIPOCLORITO, GUANTES DE NITRILO, JABON EN POLVO, ASPERSORAS ATOMIZADORES. | D26: 183 | E26: - | F26: - | G26: 36956.284 | H26: =+G26*D26 -> 6763000
A27: 2.6 | B27: DISEÑO DE PROGRAMA | C27: TABLETS | D27: 705 | E27: - | F27: - | G27: 422450 | H27: =+G27*D27 -> 297827250
B28: TABLETS | G28: =+SUM(G17:G27) -> 86424041 | H28: =+SUM(H16:H27) -> 607400000
A29: 2+3 | B29: TOTAL COSTOS DIRECTOS + INDIRECTOS | G29: =+G28+G15 -> #REF! | H29: =+H28+H15 -> #REF!
B30: COSTOS INDIRECTOS DE OPERACIÓN
A31: 3 | B31: Administración y utilidad
A32: 3.1 | B32: COSTOS ADMINISTRATIVOS | D32: 0.1 | H32: 115000000
B33: SUBTOTAL ANTES DE IVA | H33: =+H29+H32 -> #REF!
A34: 4 | B34: IVA | D34: N/A | H34: =+G34*H33 -> #REF!
B35: VALOR TOTAL DEL PROYECTO | H35: =+H34+H33 -> #REF!

Sheet CO1.PCCNTR.4017345
A1: PROPUESTA ESTUDIO FACTIBILIDAD MISAK UNIVERSIDAD
A2: CONCEPTO | B2: CAN. | C2: TIEM | D2: VALOR UNITARIO | E2: VALOR TOTAL
A3: TALENTO HUMANO
A4: Coordinador general del proyecto | B4: 1 | C4: 4 | D4: 4800000 | E4: =B4*C4*D4 -> 19200000
A5: Profesional en área administrativa y a fines | B5: 1 | C5: 4 | D5: 5600000 | E5: =B5*C5*D5 -> 22400000
A6: Profesional economista | B6: 1 | C6: 4 | D6: 5600000 | E6: =B6*C6*D6 -> 22400000
A7: Consultor indígena y/o profesional en educación y/o Etnoeducación, Pedagogía, ciencias politicas y del derecho. | B7: 2 | C7: 4 | D7: 5600000 | E7: =B7*C7*D7 -> 44800000
A8: Consultor indígena y/o profesional en Educación propia. | B8: 1 | C8: 4 | D8: 5600000 | E8: =B8*C8*D8 -> 22400000
A9: Consultor indígena y/o profesional en cualquiera de las siguientes áreas, Antropología, Sociología, Ciencias políticas, Etnoeducación, Lingüística, Pedagogía, Derecho Historia e Historiografía. | B9: 1 | C9: 4 | D9: 5600000 | E9: =B9*C9*D9 -> 22400000
A10: Consultor indígena y/o profesional en el área jurídica y del Derecho. | B10: 1 | C10: 4 | D10: 5600000 | E10: =B10*C10*D10 -> 22400000
A11: Técnicos de apoyo | B11: 2 | C11: 4 | D11: 3000000 | E11: =B11*C11*D11 -> 24000000
A12: Subtotal Talento Humano | E12: =SUM(E4:E11) -> 200000000
A13: ENCUENTROS DE TRABAJO
A14: Encuentro de trabajo: sesiones de trabajo propuestas en el proyecto para la construcción de la ruta de trabajo, socialización de la propuesta a las autoridades; realización de reflexiones y análisis de los diferentes temas propuestos, recopilación, sistematización y análisis de la información; así como la construcción y socialización de la primera versión y consecuente versión final del estudio de factibilidad de la Misak Universidad. | B14: 12 | C14: 1 | D14: 5200000 | E14: =B14*C14*D14 -> 62400000
A15: Transporte: Servicio de transporte para los desplazamientos internos del equipo, y la participación de las autoridades, líderes, educadores y apoyos a los diferentes encuentros de trabajo y reflexión en torno a la construcción del Estudio de Factibilidad de la Misak universidad | B15: 1 | C15: 1 | D15: 17300000 | E15: =B15*C15*D15 -> 17300000
A16: Ceremonias de armonización: Rituales para armonizar el proceso y cada una de las etapas y actividades propuestas en el proyecto | B16: 8 | C16: 1 | D16: 2000000 | E16: =B16*C16*D16 -> 16000000
A17: Subtotal Encuentros de Trabajo | E17: =SUM(E14:E16) -> 95700000
A18: PAPELERIA
A19: Resmas de papel | B19: 30 | C19: 1 | D19: 11000 | E19: =B19*C19*D19 -> 330000
A20: A - Z | B20: 20 | C20: 1 | D20: 13000 | E20: =B20*C20*D20 -> 260000
A21: Marcadores y pliegos de papel, pinturas, pinceles, cuadernillos, esferos, marcadores, resaltadores | B21: 1 | C21: 1 | D21: 960000 | E21: =B21*C21*D21 -> 960000
A22: Servicio de internet | B22: 5 | C22: 1 | D22: 150000 | E22: =B22*C22*D22 -> 750000
A23: kit de Bioseguridad con medicina propia | B23: 1 | C23: 1 | D23: 2000000 | E23: =B23*C23*D23 -> 2000000
A24: Subtotal Encuentros de Trabajo | E24: =SUM(E19:E23) -> 4300000
A25: CONTRAPARTIDA
A26: Contador | B26: 4 | C26: 1 | D26: 3295200 | E26: =B26*D26 -> 13180800
A27: Tesorero | B27: 4 | C27: 1 | D27: 2140000 | E27: =B27*D27 -> 8560000
A28: Espacios de encuentro (salones, servicios básicos, silletería, escritorios) | B28: 5 | C28: Global | D28: 2500000 | E28: =B28*D28 -> 12500000
A29: Ayudas audiovisuales durante el proceso (video bean, computadores, grabadoras de voz, cámara fotográfica) | B29: 5 | C29: Global | D29: 1500000 | E29: =B29*D29 -> 7500000
A30: Saberes ancestrales que no se pueden cuantificar, pero que son de un alto valor para el pueblo Misak | B30: 1 | C30: Global | D30: 15000000 | E30: =B30*D30 -> 15000000
A31: Apoyo y acompañamiento de autoridades, docentes, líderes y Pubenences del pueblo Misak | B31: 1 | C31: Global | D31: 5435200 | E31: =B31*D31 -> 5435200
A32: Subtotal Encuentros de Trabajo | E32: =SUM(E26:E31) -> 62176000
A33: TOTAL DE LA PROPUESTA | E33: =E12+E17+E24+E32 -> 362176000

Sheet CO1.PCCNTR.50110688
A1: RELACIONE EL NOMBRE DEL PROCESO
A2: OBJETO | C2: AUNAR ESFUERZOS PARA LA CONSOLIDACIÓN DEL PROYECTO DE LA ALA KUSREI Y A MISAK UNIVERSIDAD COMO PARTE DE LOS PROCESOS DE FORTALECIMIENTO DE LA EDUCACIÓN PROPIA, FUNDAMENTADA EN EL DERECHO MAYOR, LOS COMPONENTES DEL SEIP Y , EL DECRETO 1953 DE 2014 Y LA NORMATIVIDAD APLICABLE VIGENTE.
A5: ITEM | B5: RUBRO | C5: CANTIDAD | D5: % DE DEDICACIÓN | E5: MESES | F5: VALOR MENSUAL Y/O UNITARIO | G5: VALOR PROMEDIO MERCADO | H5: VALOR TOTAL | I5: APORTE MEN | J5: APORTE CABILDO | K5: %
A6: 1 | B6: TALENTO HUMANO MINIMO REQUERIDO
A7: 1.1 | B7: Coordinador/a: Sabedor Misak | C7: 1 | D7: 1 | E7: 6 | F7: 7000000 | G7: 9930336 | H7: =F7*E7*D7*C7 -> 42000000 | I7: =+H7 -> 42000000 | K7: =H7*100%/$H$52 -> 0.045995662
A8: 1.2 | B8: Coordinador técnico del proyecto | C8: 1 | D8: 1 | E8: 6 | F8: 7000000 | G8: 9930336 | H8: =F8*E8*D8*C8 -> 42000000 | I8: =+H8 -> 42000000 | K8: =H8*100%/$H$52 -> 0.045995662
A9: 1.3 | B9: Comité redactor | C9: 2 | D9: 1 | E9: 3 | F9: 5000000 | G9: 4758391 | H9: =F9*E9*D9*C9 -> 30000000 | I9: =+H9 -> 30000000 | K9: =H9*100%/$H$52 -> 0.032854044
A10: 1.4 | B10: Abogado/a estructuras universitarias Estructuras universitarias con Especialidad en Jurisdicción Especial Indígena | C10: 1 | D10: 1 | E10: 6 | F10: 7000000 | G10: 9930336 | H10: =F10*E10*D10*C10 -> 42000000 | I10: =+H10 -> 42000000 | K10: =H10*100%/$H$52 -> 0.045995662
A11: 1.5 | B11: Sabedor Misak, con posgrado en Estudios del Desarrollo | C11: 1 | D11: 1 | E11: 6 | F11: 7000000 | G11: 9930336 | H11: =F11*E11*D11*C11 -> 42000000 | I11: =+H11 -> 42000000 | K11: =H11*100%/$H$52 -> 0.045995662
A12: 1.6 | B12: Egresado(a) de la Misak Universidad – Apoyo estudiantil | C12: 1 | D12: 1 | E12: 6 | F12: 5000000 | G12: 4758391 | H12: =F12*E12*D12*C12 -> 30000000 | I12: =+H12 -> 30000000 | K12: =H12*100%/$H$52 -> 0.032854044
A13: 1.7 | B13: Sabedor Misak, Pedagogo/a o de las ciencias humanas - Sistema Educativo Misak | C13: 2 | D13: 1 | E13: 6 | F13: 7000000 | G13: 9930336 | H13: =F13*E13*D13*C13 -> 84000000 | I13: =+H13 -> 84000000 | K13: =H13*100%/$H$52 -> 0.091991323
A14: 1.8 | B14: Sabedor Misak, Pedagog@ o profesional ciencias humanas - SEIP | C14: 1 | D14: 1 | E14: 6 | F14: 7000000 | G14: 9930336 | H14: =F14*E14*D14*C14 -> 42000000 | I14: =+H14 -> 42000000 | K14: =H14*100%/$H$52 -> 0.045995662
A15: 1.9 | B15: Profesional Misak en área Administrativa | C15: 1 | D15: 1 | E15: 6 | F15: 7000000 | G15: 9930336 | H15: =F15*E15*D15*C15 -> 42000000 | I15: =+H15 -> 42000000 | K15: =H15*100%/$H$52 -> 0.045995662
A16: 1.10 | B16: Profesionales en área Financiera | C16: 2 | D16: 1 | E16: 6 | F16: 7000000 | G16: 9930336 | H16: =F16*E16*D16*C16 -> 84000000 | I16: =+H16 -> 84000000 | K16: =H16*100%/$H$52 -> 0.091991323
A17: 1.11 | B17: Apoyos logísticos y de sistematización – para los 3 componentes del estudio de factibilidad. | C17: 3 | D17: 1 | E17: 5 | F17: 3000000 | G17: 2514089 | H17: =F17*E17*D17*C17 -> 45000000 | I17: =+H17 -> 45000000 | K17: =H17*100%/$H$52 -> 0.049281066
A18: 1.12 | B18: Contador | C18: 1 | D18: 1 | E18: 6 | F18: 3295200 | G18: 2514089 | H18: =F18*E18*D18*C18 -> 19771200 | J18: =+H18 -> 19771200 | K18: =H18*100%/$H$52 -> 0.021652129
A19: 1.13 | B19: Tesorero | C19: 1 | D19: 1 | E19: 6 | F19: 2140000 | G19: 2514089 | H19: =F19*E19*D19*C19 -> 12840000 | J19: =+H19 -> 12840000 | K19: =H19*100%/$H$52 -> 0.014061531
A20: SUBTOTAL | C20: =SUM(C7:C19) -> 18 | H20: =SUM(H7:H19) -> 557611200 | I20: =SUM(I7:I19) -> 525000000 | J20: =SUM(J7:J19) -> 32611200 | K20: =SUM(K7:K17) -> 0.57494577
A21: 2 | B21: MINGAS - ENCUENTROS DE TRABAJO | C21: CANTIDAD | E21: MESES | F21: VALOR UNITARIO | G21: VALOR PROMEDIO MERCADO | H21: VALOR TOTAL | I21: APORTE MEN | J21: APORTE CABILDO | K21: %
A22: 2.1 | B22: Minga de planeación | C22: 3 | D22: N/A | E22: 1 | F22: 6000000 | G22: 5552143 | H22: =+F22*C22 -> 18000000 | I22: =+H22 -> 18000000 | K22: =H22*100%/$H$52 -> 0.019712426
A23: 2.2 | B23: Encuentro de trabajo componente político - organizativo | C23: 5 | D23: N/A | E23: 6 | F23: 6800000 | G23: 5552143 | H23: =+F23*C23 -> 34000000 | I23: =+H23 -> 34000000 | K23: =H23*100%/$H$52 -> 0.037234583
A24: 2.3 | B24: Encuentro de trabajo Componente pedagógico | C24: 5 | D24: N/A | E24: 6 | F24: 6800000 | G24: 5552143 | H24: =+F24*C24 -> 34000000 | I24: =+H24 -> 34000000 | K24: =H24*100%/$H$52 -> 0.037234583
A25: 2.4 | B25: Encuentro de trabajo Componente administrativo- financiero | C25: 6 | D25: N/A | E25: 6 | F25: 6800000 | G25: 5552143 | H25: =+F25*C25 -> 40800000 | I25: =+H25 -> 40800000 | K25: =H25*100%/$H$52 -> 0.0446815
A26: 2.5 | B26: Recorridos territoriales | C26: 3 | D26: N/A | E26: 6 | F26: 5000000 | G26: 671908 | H26: =+F26*C26 -> 15000000 | I26: =+H26 -> 15000000 | K26: =H26*100%/$H$52 -> 0.016427022
A27: 2.6 | B27: Sesión de informe primer avance del estudio | C27: 1 | D27: N/A | E27: 5 | F27: 6500000 | G27: 5552143 | H27: =+F27*C27 -> 6500000 | I27: =+H27 -> 6500000 | K27: =H27*100%/$H$52 -> 0.0071183762
A28: 2.7 | B28: Sesión de socialización del estudio | C28: 1 | D28: N/A | E28: 6 | F28: 6000000 | G28: 5552143 | H28: =+F28*C28 -> 6000000 | I28: =+H28 -> 6000000 | K28: =H28*100%/$H$52 -> 0.0065708088
A29: 2.8 | B29: Sesiones de socialización | C29: 2 | D29: N/A | E29: 6 | F29: 5000000 | G29: 5552143 | H29: =+F29*C29 -> 10000000 | I29: =+H29 -> 10000000 | K29: =H29*100%/$H$52 -> 0.010951348
A30: 2.9 | B30: Espacios de encuentro (salones, servicios básicos, silletería, escritorios) | C30: 1 | D30: N/A | E30: 1 | F30: 5000000 | H30: =+F30*C30 -> 5000000 | J30: =+H30 -> 5000000 | K30: =H30*100%/$H$52 -> 0.005475674 | P30: =+O30*M30 -> 0
A31: 2.10 | B31: Ayudas audiovisuales | C31: 1 | D31: N/A | E31: 1 | F31: 5000000 | H31: =+F31*C31 -> 5000000 | J31: =+H31 -> 5000000 | K31: =H31*100%/$H$52 -> 0.005475674
A32: SUBTOTAL | H32: =SUM(H22:H31) -> 174300000 | I32: =SUM(I22:I31) -> 164300000 | J32: =SUM(J22:J31) -> 10000000 | K32: =SUM(K28:K30) -> 0.022997831
A33: 3 | B33: TRANSPORTE | C33: CANTIDAD | F33: VALOR UNITARIO | G33: VALOR PROMEDIO MERCADO | H33: VALOR TOTAL | I33: APORTE MEN | J33: APORTE CABILDO | K33: %
A34: 3.1 | B34: Transporte | C34: 1 | D34: N/A | E34: N/A | F34: 28580000 | G34: 671908 | H34: =F34*C34 -> 28580000 | I34: =+F34 -> 28580000 | K34: =H34*100%/$H$52 -> 0.031298953
A35: SUBTOTAL | C35: =SUM(C34:C34) -> 1 | F35: =AVERAGE(F34:F34) -> 28580000 | G35: =AVERAGE(G34:G34) -> 671908 | H35: =SUM(H34:H34) -> 28580000 | I35: =SUM(I34:I34) -> 28580000 | J35: =SUM(J34:J34) -> 0 | K35: =SUM(K34:K34) -> 0.031298953
A36: 4 | B36: SABERES ANCESTRALES | C36: CANTIDAD | E36: MESES | F36: VALOR UNITARIO | G36: VALOR PROMEDIO MERCADO | H36: VALOR TOTAL | I36: APORTE MEN | J36: APORTE CABILDO | K36: %
A37: 4.1 | B37: Ceremonias de armonización: Rituales para armonizar el proceso y cada una de las etapas y actividades propuestas en el proyecto | C37: 25 | E37: 1 | F37: 1600000 | G37: 5552143 | H37: =F37*C37 -> 40000000 | I37: =+H37 -> 40000000 | K37: =H37*100%/$H$52 -> 0.043805392
A38: 4.2 | B38: Saberes ancestrales que no se pueden cuantificar, pero que son de un alto valor para el pueblo Misak | C38: 1 | E38: 1 | F38: 25000000 | H38: =F38*C38 -> 25000000 | J38: =+H38 -> 25000000 | K38: =H38*100%/$H$52 -> 0.02737837
A39: SUBTOTAL | H39: =SUM(H37:H38) -> 65000000 | I39: =SUM(I37:I38) -> 40000000 | J39: =SUM(J37:J38) -> 25000000 | K39: =SUM(K37:K38) -> 0.071183762
A40: 5 | B40: OTROS COSTOS | C40: CANTIDAD | F40: VALOR UNITARIO | G40: VALOR PROMEDIO MERCADO | H40: VALOR TOTAL | I40: APORTE MEN | J40: APORTE CABILDO | K40: %
A41: 5.1 | B41: Resmas de papel | C41: 40 | D41: N/A | E41: N/A | F41: 11000 | G41: 440000 | H41: =C41*F41 -> 440000 | I41: =+H41 -> 440000 | K41: =H41*100%/$H$52 -> 0.00048185931
A42: 5.2 | B42: A - Z | C42: 40 | D42: N/A | E42: N/A | F42: 13000 | G42: 520000 | H42: =C42*F42 -> 520000 | I42: =+H42 -> 520000 | K42: =H42*100%/$H$52 -> 0.00056947009
A43: 5.3 | B43: Marcadores, separadores (A-Z), pliegos de papel, pinturas, pinceles, cuadernillos, esferos, tablero, marcadores, resaltadores, cinta, sobres manila, otros que se requieran en el transcurso del proyecto. | C43: 2 | D43: N/A | E43: N/A | F43: 1200000 | G43: 2400000 | H43: =C43*F43 -> 2400000 | I43: =+H43 -> 2400000 | K43: =H43*100%/$H$52 -> 0.0026283235
A44: 5.4 | B44: Servicio de internet | C44: 6 | D44: N/A | E44: N/A | F44: 160000 | G44: 960000 | H44: =C44*F44 -> 960000 | I44: =+H44 -> 960000 | K44: =H44*100%/$H$52 -> 0.0010513294
A45: 5.5 | B45: kit de Bioseguridad con medicina propia | C45: 3 | D45: N/A | E45: N/A | F45: 2600000 | G45: 7800000 | H45: =C45*F45 -> 7800000 | I45: =+H45 -> 7800000 | K45: =H45*100%/$H$52 -> 0.0085420514
A46: 5.6 | B46: Gestión de datos e información | C46: 1 | D46: N/A | E46: N/A | F46: 30000000 | G46: 30000000 | H46: =C46*F46 -> 30000000 | I46: =+H46 -> 30000000 | K46: =H46*100%/$H$52 -> 0.032854044
A47: 5.7 | B47: Indexar las publicaciones del cabildo de Guambía, el magisterio Misak, los comités de investigación y los profesionales del pueblo Misak en el sistema de información de la AKYMU, y sistemas académicos de información nacionales e internacionales. | C47: 1 | D47: N/A | E47: N/A | F47: 30000000 | G47: 30000000 | H47: =+F47*C47 -> 30000000 | J47: =+H47 -> 30000000 | K47: =H47*100%/$H$52 -> 0.032854044
A48: 5.8 | B48: Apoyo y acompañamiento de autoridades, docentes, líderes y Pubenences del pueblo Misak - Orientador político cultural del proceso | C48: 1 | D48: N/A | E48: N/A | F48: 15518400 | H48: =+F48*C48 -> 15518400 | J48: =+H48 -> 15518400 | K48: =H48*100%/$H$52 -> 0.01699474
A49: SUBTOTAL | H49: =SUM(H41:H48) -> 87638400 | I49: =SUM(I41:I47) -> 42120000 | J49: =SUM(J41:J48) -> 45518400 | K49: =SUM(K41:K48) -> 0.095975861
A50: 1 | B50: TOTAL COSTOS DIRECTOS DE OPERACIÓN | H50: =+H20 -> 557611200 | I50: =+I20 -> 525000000 | J50: =+J20 -> 32611200 | K50: =+K20 -> 0.57494577
A51: 2+3+4+5 | B51: COSTOS INDIRECTOS DE OPERACIÓN | H51: =+H32+H35+H39+H49 -> 355518400 | I51: =+I32+I35+I39+I49 -> 275000000 | J51: =+J32+J35+J39+J49 -> 80518400 | K51: =+K32+K35+K39+K49 -> 0.22145641
B52: VALOR TOTAL DEL PROYECTO | H52: =+H50+H51 -> 913129600 | I52: =+I50+I51 -> 800000000 | J52: =+J50+J51 -> 113129600 | K52: =+K50+K51 -> 0.79640218
B54: Ocaña | C54: Convención
B55: NOTA 1: Los valores promedio en aspectos de papelería del mercado fueron tomados globales

Sheet CO1.PCCNTR.5335465
A1: RELACIONE EL NOMBRE DEL PROCESO
A2: OBJETO | C2: Aunar esfuerzos para la consolidación del estudio de caracterización poblacional y territorial de las cinco (5) macrorregiones de la Organización Nacional Indígena de Colombia - ONIC (Amazonia, Centro Oriente, Norte, Orinoquia y Occidente), para fortalecer el proceso de creación de la Universidad Nacional Indígena de la ONIC (Kinsia Yetarauai - Escuela de pensamiento y conocimiento indígena) en el marco de la educación propia y fundamentada en el derecho mayor, los componentes del SEIP, el Decreto 1953 de 2014 y la normatividad aplicable vigente.
A5: ITEM | B5: RUBRO | C5: CANTIDAD | D5: % DE DEDICACIÓN | E5: MESES | F5: VALOR MENSUAL Y/O UNITARIO | G5: VALOR PROMEDIO MERCADO | H5: VALOR TOTAL | I5: APORTE MEN | J5: APORTE CABILDO | K5: %
A6: 1 | B6: TALENTO HUMANO MINIMO REQUERIDO
A7: 1.1 | B7: Asesor Coordinador | C7: 1 | D7: 1 | E7: 4.5 | F7: 7000000 | G7: =+'[2]Analisis de Mercado-Salarios'!E59 -> 9870137.5 | H7: =F7*E7*D7*C7 -> 31500000 | I7: =+H7 -> 31500000 | K7: =H7*100%/$H$23 -> 0.067021277
A8: 1.2 | B8: Asesor Ciencias Sociales | C8: 1 | D8: 1 | E8: 4.5 | F8: 6500000 | G8: 6935464.5 | H8: =F8*E8*D8*C8 -> 29250000 | I8: =+H8 -> 29250000 | K8: =H8*100%/$H$23 -> 0.062234043
A9: 1.3 | B9: Asesor Educativo | C9: 1 | D9: 1 | E9: 4.5 | F9: 6500000 | G9: =+'[2]Analisis de Mercado-Salarios'!E74 -> 6935464.5 | H9: =F9*E9*D9*C9 -> 29250000 | I9: =+H9 -> 29250000 | K9: =H9*100%/$H$23 -> 0.062234043
A10: 1.4 | B10: Asesor Jurídico | C10: 1 | D10: 1 | E10: 4.5 | F10: 6500000 | G10: =+G9 -> 6935464.5 | H10: =F10*E10*D10*C10 -> 29250000 | I10: =+H10 -> 29250000 | K10: =H10*100%/$H$23 -> 0.062234043
A11: 1.5 | B11: Asesor Indígena | C11: 2 | D11: 1 | E11: 4.5 | F11: 6500000 | G11: =+G10 -> 6935464.5 | H11: =F11*E11*D11*C11 -> 58500000 | I11: =+H11 -> 58500000 | K11: =H11*100%/$H$23 -> 0.12446809
A12: 1.6 | B12: Técnico administrativo | C12: 2 | D12: 1 | E12: 4.5 | F12: 4000000 | G12: =+'[2]Analisis de Mercado-Salarios'!E82 -> 3021963.4 | H12: =F12*E12*D12*C12 -> 36000000 | I12: =+H12 -> 36000000 | K12: =H12*100%/$H$23 -> 0.076595745
A13: 1.7 | B13: Enlaces territoriales | C13: 5 | D13: 1 | E13: 4.5 | F13: 3333333.3 | G13: 3021963.4 | H13: =F13*E13*D13*C13 -> 75000000 | J13: =+H13 -> 75000000 | K13: =H13*100%/$H$23 -> 0.15957447
A14: SUBTOTAL | C14: =SUM(C7:C13) -> 13 | H14: =SUM(H7:H13) -> 2.8875e+08 | I14: =SUM(I7:I13) -> 213750000 | J14: =SUM(J7:J13) -> 75000000 | K14: =SUM(K7:K13) -> 0.6143617
A15: 2 | B15: GASTOS ENCUENTROS Y ADMINISTRATIVOS | C15: CANTIDAD | E15: MESES | F15: VALOR UNITARIO | G15: VALOR PROMEDIO MERCADO | H15: VALOR TOTAL | I15: APORTE MEN | J15: APORTE CABILDO | K15: %
A16: 2.1 | B16: Espacios de encuentro en la sede ONIC (incluye servicios y mobiliario) | C16: 1 | D16: N/A | E16: 4.5 | F16: 5111111.1 | G16: 7972162.5 | H16: =+F16*C16*E16 -> 23000000 | J16: =+F16*E16*C16 -> 23000000 | K16: =H16*100%/$H$23 -> 0.04893617
A17: 2.2 | B17: Sesiones de socialización del estudio | C17: 5 | D17: N/A | E17: 4.5 | F17: 6055555.6 | G17: 7972162.5 | H17: =+F17*E17*C17 -> 1.3625e+08 | I17: =+H17 -> 1.3625e+08 | K17: =H17*100%/$H$23 -> 0.28989362
A18: 2.3 | B18: Equipo Informático (servicios de internet y cómputo) | C18: 1 | D18: N/A | E18: 1 | F18: 6000000 | G18: =+'[2]Analisis de Mercado-Actividades'!E29 -> 7354365 | H18: =+F18*E18 -> 6000000 | J18: =+H18 -> 6000000 | K18: =H18*100%/$H$23 -> 0.012765957
A19: 2.4 | B19: Servicios Centro de Pensamiento JAVALIVIANA | C19: 1 | D19: N/A | E19: 4.5 | F19: 3555555.6 | G19: 7972162.5 | H19: =+F19*C19*E19 -> 16000000 | J19: =+H19 -> 16000000 | K19: =H19*100%/$H$23 -> 0.034042553
A20: SUBTOTAL | H20: =SUM(H16:H19) -> 1.8125e+08 | I20: =SUM(I16:I19) -> 1.3625e+08 | J20: =SUM(J16:J19) -> 45000000 | K20: =SUM(K17:K17) -> 0.28989362
A21: 1 | B21: TOTAL COSTOS DIRECTOS DE OPERACIÓN | H21: =+H14 -> 2.8875e+08 | I21: =+I14 -> 213750000 | J21: =+J14 -> 75000000 | K21: =+K14 -> 0.6143617
A22: 2 | B22: COSTOS INDIRECTOS DE OPERACIÓN | H22: =+H20 -> 1.8125e+08 | I22: =+I20 -> 1.3625e+08 | J22: =+J20 -> 45000000 | K22: =+K15 -> %
B23: VALOR TOTAL DEL PROYECTO | H23: =+I23+J23 -> 4.7e+08 | I23: =+I21+I22 -> 350000000 | J23: =+J21+J22 -> 1.2e+08 | K23: =+K16 -> 0.04893617

Sheet CO1.PCCNTR.5338882
A1: RELACIONE EL NOMBRE DEL PROCESO
A2: OBJETO | C2: Aunar esfuerzos para la consolidación del proyecto de la Universidad Pública Indígena del Pueblo de los Pastos y Quillasingas como parte del proceso de fortalecimiento de la educación superior propia, orientada a través del derecho mayor, ley de origen, ley natural, derecho propio, el bloque de constitucionalidad, el Decreto 1953 de 2014 , los componentes del SEIP y la normatividad aplicable vigente
A5: ITEM | B5: RUBRO | C5: CANTIDAD | D5: % DE DEDICACIÓN | E5: MESES | F5: VALOR MENSUAL Y/O UNITARIO | G5: VALOR PROMEDIO MERCADO | H5: VALOR TOTAL | I5: APORTE MEN | J5: APORTE AICO | K5: %
A6: 1 | B6: TALENTO HUMANO MINIMO REQUERIDO
A7: 1.1 | B7: Profesional para coordinar el acompañamiento técnico especializado en la consolidación de los documentos maestros del estudio financiero y jurídico de la Universidad a crearse. | C7: 1 | D7: 1 | E7: 3.8 | F7: 9473684.2 | G7: =+'[3]Analisis de Mercado-Salarios'!E60 -> 9815984 | H7: =F7*E7*D7*C7 -> 36000000 | I7: =+H7 -> 36000000 | K7: =H7*100%/$H$28 -> 0.078133478
A8: 1.2 | B8: Profesional para el acompañamiento técnico especializado en la consolidación de los documentos maestros del estudio financiero de la universidad a crearse. | C8: 1 | D8: 1 | E8: 3.8 | F8: 6513157.9 | G8: =+'[3]Analisis de Mercado-Salarios'!E82 -> 6861738.2 | H8: =F8*E8*D8*C8 -> 24750000 | I8: =+H8 -> 24750000 | K8: =H8*100%/$H$28 -> 0.053716766
A9: 1.3 | B9: Profesional para el acompañamiento técnico especializado en la consolidación de los documentos maestros del estudio jurídico de la universidad a crearse. | C9: 1 | D9: 1 | E9: 3.8 | F9: 6513157.9 | G9: =+'[3]Analisis de Mercado-Salarios'!E82 -> 6861738.2 | H9: =F9*E9*D9*C9 -> 24750000 | I9: =+H9 -> 24750000 | K9: =H9*100%/$H$28 -> 0.053716766
A10: 1.4 | B10: Mayores sabedores para la orientación territorial y cultural que permita consolidar los documentos bases del pensamiento y saber propios que orientan la universidad a crearse. | C10: 2 | D10: 1 | E10: 3.8 | F10: 3789473.7 | G10: =+'[3]Analisis de Mercado-Salarios'!E92 -> 3110441.4 | H10: =F10*E10*D10*C10 -> 28800000 | I10: =+H10 -> 28800000 | K10: =H10*100%/$H$28 -> 0.062506782
A11: 1.5 | B11: Profesionales para la consolidación de los documentos maestros del estudio de creación de programas de la universidad a crearse. | C11: 4 | D11: 1 | E11: 3.8 | F11: 9236842.1 | G11: =+G7 -> 9815984 | H11: =F11*E11*D11*C11 -> 140400000 | I11: =+H11 -> 140400000 | K11: =H11*100%/$H$28 -> 0.30472056
A12: 1.6 | B12: Profesional para consolidar los documentos maestros de la estrategia de comunicaciones de la Universidad Indígena Pública Pastos y Quillasingas | C12: 2 | D12: 1 | E12: 3.8 | F12: 5921052.6 | G12: =+G8 -> 6861738.2 | H12: =F12*E12*D12*C12 -> 45000000 | I12: =+H12 -> 45000000 | K12: =H12*100%/$H$28 -> 0.097666848
A13: SUBTOTAL | C13: =SUM(C7:C12) -> 11 | H13: =SUM(H7:H12) -> 299700000 | I13: =SUM(I7:I12) -> 299700000 | J13: =SUM(J7:J12) -> 0 | K13: =SUM(K7:K12) -> 0.6504612
A14: 2 | B14: ENCUENTROS DE TRABAJO | C14: CANTIDAD | E14: MESES | F14: VALOR UNITARIO | G14: VALOR PROMEDIO MERCADO | H14: VALOR TOTAL | I14: APORTE MEN | J14: APORTE AICO | K14: %
A15: 2.1 | B15: Realizar dos sesiones autónomas de la Mesa Regional Pastos y Quillacingas con participación de 100 personas para socializar y validar los documentos maestros del estudio de factibilidad financiera y las instancias de orientación y dirección política de la IES-Indigena, así como presentar un estructura administrativa y académica adecuada. | C15: 2 | D15: N/A | E15: 1 | F15: 12500000 | G15: =+'[3]Analisis de Mercado-Actividades'!E32 -> 6844081 | H15: =+F15*C15 -> 25000000 | I15: =+H15 -> 25000000 | K15: =H15*100%/$H$28 -> 0.05425936
A16: 2.2 | B16: Espacios para desarrollo de reuniones | C16: 10 | D16: N/A | E16: 3.8 | F16: 592105.26 | G16: =+G15 -> 6844081 | H16: =+F16*C16*E16 -> 22500000 | J16: =+H16 -> 22500000 | K16: =H16*100%/$H$28 -> 0.048833424
A17: 2.3 | B17: Acompañamiento médicos tradicionales en las 5 zonas. | C17: 5 | D17: N/A | E17: 3.8 | F17: 4144736.8 | G17: =+G16 -> 6844081 | H17: =+F17*C17*E17 -> 78750000 | J17: =+H17 -> 78750000 | K17: =H17*100%/$H$28 -> 0.17091698
A18: SUBTOTAL | H18: =SUM(H15:H17) -> 126250000 | I18: =SUM(I15:I17) -> 25000000 | J18: =SUM(J15:J17) -> 101250000 | K18: =SUM(K15:K17) -> 0.27400977
A19: 3 | B19: DOCUMENTACIÓN, PUBLICACIONES | C19: CANTIDAD | F19: VALOR UNITARIO | G19: VALOR PROMEDIO MERCADO | H19: VALOR TOTAL | I19: APORTE MEN | J19: APORTE AICO | K19: %
A20: 3.1 | B20: Publicación digital de libro del proceso | C20: 1 | D20: N/A | E20: N/A | F20: 20000000 | G20: =+'[3]Analisis de Mercado-Actividades'!E51 -> 58853536 | H20: =+F20*C20 -> 20000000 | I20: =+H20 -> 20000000 | K20: =H20*100%/$H$28 -> 0.043407488
A21: SUBTOTAL | H21: =SUM(H20:H20) -> 20000000 | I21: =SUM(I20:I20) -> 20000000 | J21: =SUM(J20:J20) -> 0 | K21: =SUM(K20) -> 0.043407488
A22: 4 | B22: GASTOS ADMINISTRATIVOS | C22: CANTIDAD | F22: VALOR UNITARIO | G22: VALOR PROMEDIO MERCADO | H22: VALOR TOTAL | I22: APORTE MEN | J22: APORTE AICO | K22: %
A23: 4.1 | B23: Papelería | C23: 1 | D23: N/A | E23: N/A | F23: 10300000 | G23: =+'[3]Analisis de Mercado-Actividades'!E38 -> 11111350 | H23: =C23*F23 -> 10300000 | I23: 5300000 | J23: 5000000 | K23: =H23*100%/$H$28 -> 0.022354856
A24: 4.2 | B24: Oficinas para desarrollo de reuniones y comiotes técnicos del proyecto | C24: 1 | D24: N/A | E24: 3.8 | F24: 1184210.5 | G24: =+'[3]Analisis de Mercado-Actividades'!E43 -> 5755773.8 | H24: =C24*F24*E24 -> 4500000 | J24: =+H24 -> 4500000 | K24: =H24*100%/$H$28 -> 0.0097666848
A25: SUBTOTAL | H25: =SUM(H23:H24) -> 14800000 | I25: =SUM(I23:I24) -> 5300000 | J25: =SUM(J23:J24) -> 9500000 | K25: =SUM(K23:K24) -> 0.032121541
A26: 1 | B26: TOTAL COSTOS DIRECTOS DE OPERACIÓN | H26: =+H13 -> 299700000 | I26: =+I13 -> 299700000 | J26: =+J13 -> 0 | K26: =+K13 -> 0.6504612
A27: 2+3+4 | B27: COSTOS INDIRECTOS DE OPERACIÓN | H27: =+H25+H21+H18 -> 161050000 | I27: =+I25+I21+I18 -> 50300000 | J27: =+J25+J21+J18 -> 110750000 | K27: =+K18+K25 -> 0.30613131
B28: VALOR TOTAL DEL PROYECTO | H28: =+I28+J28 -> 460750000 | I28: =+I26+I27 -> 350000000 | J28: =+J26+J27 -> 110750000 | K28: =K25+K21+K18+K13 -> 1

Sheet CO1.PCCNTR.5337144
A1: RELACIONE EL NOMBRE DEL PROCESO
A2: OBJETO | C2: Aunar esfuerzos para avanzar en la consolidación del proceso de creación de la Universidad Indígena Intercultural de la Amazonia en el marco de la Educación Superior propia de la Organización Nacional de los Pueblos Indígenas de la Amazonía Colombiana, fundamentada en el derecho mayor, los componentes del SEIP, los acuerdos del plan nacional de desarrollo 2022 - 2026, el decreto 1953 de 2014 y la normatividad vigente aplicable.
A5: ITEM | B5: RUBRO | C5: CANTIDAD | D5: % DE DEDICACIÓN | E5: MESES | F5: VALOR MENSUAL Y/O UNITARIO | G5: VALOR PROMEDIO MERCADO | H5: VALOR TOTAL | I5: APORTE MEN | J5: APORTE AICO | K5: %
A6: 1 | B6: TALENTO HUMANO MINIMO REQUERIDO
A7: 1.1 | B7: Coordinador general | C7: 1 | D7: 1 | E7: 4.5 | F7: 3800000 | G7: =+'[4]Analisis de Mercado-Salarios'!E60 -> 9815984 | H7: =C7*E7*F7 -> 17100000 | I7: =+H7 -> 17100000 | K7: =H7*100%/$H$29 -> 0.067322835
A8: 1.2 | B8: dinamizadores políticos | C8: 2 | D8: 1 | E8: 4.5 | F8: 3500000 | G8: =+'[4]Analisis de Mercado-Salarios'!E82 -> 6861738.2 | H8: =F8*E8*D8*C8 -> 31500000 | I8: =+H8 -> 31500000 | K8: =H8*100%/$H$29 -> 0.12401575
A9: 1.3 | B9: asesor jurídico | C9: 1 | D9: 1 | E9: 4.5 | F9: 3200000 | G9: =+'[4]Analisis de Mercado-Salarios'!E82 -> 6861738.2 | H9: =F9*E9*D9*C9 -> 14400000 | I9: =+H9 -> 14400000 | K9: =H9*100%/$H$29 -> 0.056692913
A10: 1.4 | B10: asesora pedagógica | C10: 1 | D10: 1 | E10: 4.5 | F10: 3200000 | G10: =+'[4]Analisis de Mercado-Salarios'!E92 -> 3110441.4 | H10: =F10*E10*D10*C10 -> 14400000 | I10: =+H10 -> 14400000 | K10: =H10*100%/$H$29 -> 0.056692913
A11: 1.5 | B11: aux admininstrativo | C11: 1 | D11: 1 | E11: 4.5 | F11: 2500000 | G11: =+G7 -> 9815984 | H11: =F11*E11*D11*C11 -> 11250000 | I11: =+H11 -> 11250000 | K11: =H11*100%/$H$29 -> 0.044291339
A12: 1.6 | B12: sistematizador - logístico | C12: 1 | D12: 1 | E12: 4.5 | F12: 2500000 | G12: =+G10 -> 3110441.4 | H12: =F12*E12*D12*C12 -> 11250000 | I12: =+H12 -> 11250000 | K12: =H12*100%/$H$29 -> 0.044291339
A13: SUBTOTAL | C13: =SUM(C7:C12) -> 7 | H13: =SUM(H7:H12) -> 99900000 | I13: =SUM(I7:I12) -> 99900000 | J13: =SUM(J7:J12) -> 0 | K13: =SUM(K7:K12) -> 0.39330709
A14: 2 | B14: ENCUENTROS DE TRABAJO | C14: CANTIDAD | E14: MESES | F14: VALOR UNITARIO | G14: VALOR PROMEDIO MERCADO | H14: VALOR TOTAL | I14: APORTE MEN | J14: APORTE OPIAC | K14: %
A15: 2.1 | B15: Alimentación, Hospedaje del encuentro de autoridades de la amazonía colombiana | C15: 1 | D15: N/A | E15: 1 | F15: 30740000 | G15: =+'[4]Analisis de Mercado-Actividades'!E32 -> 6844081 | H15: =+F15*C15 -> 30740000 | I15: =+H15 -> 30740000 | K15: =H15*100%/$H$29 -> 0.12102362
A16: 2.2 | B16: Transporte multimodal para el encuentro de autoridades de la amazonía colombiana | C16: 1 | D16: N/A | E16: 1 | F16: 36800000 | G16: =+G15 -> 6844081 | H16: =+F16*C16*E16 -> 36800000 | I16: 36800000 | K16: =H16*100%/$H$29 -> 0.14488189
A17: 2.4. | B17: Transporte aéreo para el encuentro de autoridades de la amazonía colombiana | C17: 1 | D17: N/A | E17: 1 | F17: 28800000 | G17: =+G16 -> 6844081 | H17: =+F17*C17*E17 -> 28800000 | I17: 28800000 | K17: =H17*100%/$H$29 -> 0.11338583
A18: SUBTOTAL | H18: =SUM(H15:H17) -> 96340000 | I18: =SUM(I15:I17) -> 96340000 | J18: =SUM(J15:J17) -> 0 | K18: =H18*100%/$H$29 -> 0.37929134
A19: 4 | B19: OTROS COSTOS DEL PROYECTO | C19: CANTIDAD | F19: VALOR UNITARIO | G19: VALOR PROMEDIO MERCADO | H19: VALOR TOTAL | I19: APORTE MEN | J19: APORTE OPIAC | K19: %
A20: 4.1 | B20: Espacios de Encuentro OPIAC | C20: 1 | D20: N/A | E20: N/A | F20: 10000000 | G20: =+'[4]Analisis de Mercado-Actividades'!E38 -> 11111350 | H20: 10000000 | J20: 10000000 | K20: =H20*100%/$H$29 -> 0.039370079
A21: 4.2 | B21: Personal técnico permanente en los territorios | C21: 1 | D21: N/A | E21: N/A | F21: 11000000 | H21: 11000000 | J21: 11000000 | K21: =H21*100%/$H$29 -> 0.043307087
A22: 4.3 | B22: Aportes ancestrales y de conocimiento tradicional amazónico | C22: 1 | D22: N/A | E22: N/A | F22: 30000000 | H22: 30000000 | J22: 30000000 | K22: =H22*100%/$H$29 -> 0.11811024
A23: 4.4 | B23: Mobiliarios y equipos | C23: 1 | D23: N/A | E23: N/A | F23: 3000000 | H23: 3000000 | J23: 3000000 | K23: =H23*100%/$H$29 -> 0.011811024
A24: 4.5 | B24: Gastos bancarios y póliza | C24: 1 | D24: N/A | E24: N/A | F24: 2000000 | H24: 2000000 | I24: 2000000 | K24: =H24*100%/$H$29 -> 0.0078740157
A25: 4.6 | B25: Materiales y Papelería | C25: 1 | D25: N/A | E25: N/A | F25: 1760000 | H25: 1760000 | I25: 1760000 | K25: =H25*100%/$H$29 -> 0.0069291339
A26: SUBTOTAL | H26: =SUM(H20:H25) -> 57760000 | I26: =SUM(I20:I25) -> 3760000 | J26: =SUM(J20:J25) -> 54000000 | K26: =SUM(K20:K25) -> 0.22740157
A27: 1 | B27: TOTAL COSTOS DIRECTOS DE OPERACIÓN | H27: =H18+H13 -> 196240000 | I27: =I18+I13 -> 196240000 | J27: =J18+J13 -> 0 | K27: =K18+K13 -> 0.77259843
A28: 2+3+4 | B28: COSTOS INDIRECTOS DE OPERACIÓN | H28: =H26 -> 57760000 | I28: =I26 -> 3760000 | J28: =J26 -> 54000000 | K28: 0.2274
B29: VALOR TOTAL DEL PROYECTO | H29: =+I29+J29 -> 254000000 | I29: =+I27+I28 -> 200000000 | J29: =+J27+J28 -> 54000000 | K29: =K27+K28 -> 0.99999843
